Workbook
Name CONCATENAR: CONCATENATE(#REF!," ",#REF!)
Name Cot.LP.Banco: #REF!
Name Cot.LP.Banco: #REF!
Name Cot.LP.Cot: #REF!
Name Cot.LP.Cot: #REF!
Name Cot.LP.Cotacao: #REF!
Name Cot.LP.Cotacao: #REF!
Name Cot.LP.Empresa: #REF!
Name Cot.LP.Empresa: #REF!
Name Cot.LP.Indice: #REF!
Name Cot.LP.Indice: #REF!
Name DescForms: #REF!
Name DescForms: #REF!
Name EMPRESAS: OFFSET(#REF!,1,0):OFFSET(#REF!,-1,0)
Name EMPRESAS: OFFSET(#REF!,1,0):OFFSET(#REF!,-1,0)
Name FiltroCot: #REF!
Name FiltroCot: #REF!
Name INDICES: OFFSET(#REF!,1,0):OFFSET(#REF!,-1,0)
Name INDICES: OFFSET(#REF!,1,0):OFFSET(#REF!,-1,0)
Name JR_PAGE_ANCHOR_0_1: encargos!$A$1
Name NCOMPOSICOES: 27
Name NCOTACOES: 19
Name NEMPRESAS: 33
Name NINDICES: 3
Name NRELATORIOS: COUNTA(#REF!)-2
Name NumerEmpresa: 33
Name NumerIndice: 3
Name Objeto: "Referência"
Name OQUE: #REF!
Name OQUE: #REF!
Name PLANOS: #REF!
Name PLANOS: #REF!
Name PLANOS.: #REF!
Name PLANOS.: #REF!
Name RelatoriosFontes: OFFSET(#REF!,1,0,NRELATORIOS)
Name RelatoriosFontes: OFFSET(#REF!,1,0,NRELATORIOS)

Sheet DADOS
A1: DADOS INICIAIS
A3: DADOS DO MUNICÍPIO
A4: Proponente/Tomador: | B4: PREFEITURA MUNICIPAL DE PORTO SEGURO | E4: PREENCHER CAMPOS AMARELOS
A5: Município/UF: | B5: PORTO SEGURO/BA
A7: DADOS DO EMPREENDIMENTO E ORÇAMENTO
A8: Nome/Objeto: | B8: Construção de Centro de Atenção Psicossocial Tipo I, no Município de PORTO SEGURO/BA
A9: Data-Base do Orçamento: | B9: SINAPI 02/2026
A10: Valor do BDI de Serviço (%): | B10: 0.2081
A11: BDI: | B11: =TRUNC(B10+1,4) -> 1.2081
A12: Valor do BDI de Insumo (%):
A13: BDI: | B13: =TRUNC(B12+1,4) -> 1
A15: RESPONSÁVEL PELO ORÇAMENTO
A16: Nome: | B16: Andressa Vasconcelos Porto
A17: Título: | B17: Engenheira Civil
A18: CREA/CAU: | B18: CREA/BA 052288016-9
A19: Orçafascio de elaboração:
A20: Data do Preenchimento: | B20: =TODAY()+1 -> 46323
A22: RESPONSÁVEL PELO TOMADOR (PREFEITO)
A23: Nome: | B23: Jânio Natal
A24: Cargo: | B24: Prefeito Municipal
A27: PROCESSO LICITATÓRIO
A29: LICITAÇÃO
A30: Nome da Empresa
A31: CNPJ:
A32: Nº do Contrato:
A35: ACOMPANHAMENTO DO EMPREENDIMENTO
A37: DADOS DA OBRA
A38: Data de Início da Obra:
A39: Data do Fechamento do BM:
A41: RESPONSÁVEL PELA FISCALIZAÇÃO
A42: Nome:
A43: Título:
A44: CREA/CAU:

Sheet ORÇAMENTO SINTÉTICO
D1: Obra | E1: Bancos | H1: B.D.I. Serv. | I1: B.D.I. Insumo
D2: =DADOS!B8 -> Construção de Centro de Atenção Psicossocial Tipo I, no Município de PORTO SEGURO/BA | E2: =DADOS!B9 -> SINAPI 02/2026 | H2: =DADOS!B10 -> 0.2081 | I2: =DADOS!C10 -> 0 | J2: Não Desonerado: embutido nos preços unitário dos insumos de mão de obra, de acordo com as bases. | L2: BDI SERVIÇO | M2: =DADOS!B11 -> 1.2081 | O2: BDI INSUMO | P2: =DADOS!E11 -> 0
A4: PLANILHA ORÇAMENTÁRIA SINTÉTICA
A6: Item | B6: Código | C6: Banco | D6: Descrição | E6: Und | F6: Quant. | G6: Valor Unit | H6: Valor Unit com BDI | I6: Total | J6: BDI Utilizado | L6: % ADM: | M6: =IFERROR(I7/(#REF!-I7),"0") -> 0
A7: 1 | D7: SERVIÇOS PRELIMINARES E INDIRETOS | H7: 277555.37 | I7: =SUM(I8,I19,I21,I23) -> 350200.58
A8: 1.1 | D8: CANTEIRO DE OBRAS | H8: 157390.76 | I8: =SUM(I9:I18) -> 157390.76
A9: 1.1.1 | B9: AV 0051 | C9: Próprio | D9: LOCAÇÃO DE CONTAINER TIPO DEPÓSITO - ÁREA MÍNIMA DE 13,80 M2 | E9: UNXMES | F9: 14 | G9: 1803.48 | H9: 2178.78 | I9: 30502.92 | J9: BDI SERVIÇO
A10: 1.1.2 | B10: AV 0052 | C10: Próprio | D10: BARRACÃO ABERTO PARA APOIO À PRODUÇÃO (CARPINTARIA, CENTRAL DE ARMAÇÃO, OFICINA, ETC.) C/ TESOURAS, TELHA 4MM, PISO EM CONCRETO DESEMPOLADO | E10: m² | F10: 15 | G10: 244.51 | H10: 295.39 | I10: 4430.85 | J10: BDI SERVIÇO
A11: 1.1.3 | B11: AV 0338 | C11: Próprio | D11: LOCAÇÃO DE CONTAINER - BANHEIRO COM CHUVEIROS E VASOS - 4,30 X 2,30M | E11: mês | F11: 14 | G11: 2469.53 | H11: 2983.43 | I11: 41768.02 | J11: BDI SERVIÇO
A12: 1.1.4 | B12: AV 0055 | C12: Próprio | D12: BARRACAO PARA REFEITORIO EM OBRAS EM COMPENSADO | E12: m² | F12: 13 | G12: 1207.21 | H12: 1458.43 | I12: 18959.59 | J12: BDI SERVIÇO
A13: 1.1.5 | B13: 95648 | C13: SINAPI | D13: KIT CAVALETE PARA MEDIÇÃO DE ÁGUA - ENTRADA INDIVIDUALIZADA, EM CPVC DN 28 MM (1"), PARA 1 MEDIDOR - FORNECIMENTO E INSTALAÇÃO (EXCLUSIVE HIDRÔMETRO). AF_03/2024 | E13: UN | F13: 1 | G13: 583.94 | H13: 705.45 | I13: 705.45 | J13: BDI SERVIÇO
A14: 1.1.6 | B14: 95673 | C14: SINAPI | D14: HIDRÔMETRO DN 1/2", 1,5 M3/H - FORNECIMENTO E INSTALAÇÃO. AF_03/2024 | E14: UN | F14: 1 | G14: 191.07 | H14: 230.83 | I14: 230.83 | J14: BDI SERVIÇO
A15: 1.1.7 | B15: 101509 | C15: SINAPI | D15: ENTRADA DE ENERGIA ELÉTRICA, AÉREA, TRIFÁSICA, COM CAIXA DE EMBUTIR, CABO DE 10 MM2 E DISJUNTOR DIN 50A (NÃO INCLUSO O POSTE DE CONCRETO). AF_12/2025 | E15: UN | F15: 1 | G15: 2159.79 | H15: 2609.24 | I15: 2609.24 | J15: BDI SERVIÇO
A16: 1.1.8 | B16: 103689 | C16: SINAPI | D16: FORNECIMENTO E INSTALAÇÃO DE PLACA DE OBRA COM CHAPA GALVANIZADA E ESTRUTURA DE MADEIRA. AF_03/2022_PS | E16: m² | F16: 6 | G16: 449.52 | H16: 543.06 | I16: 3258.36 | J16: BDI SERVIÇO
A17: 1.1.9 | B17: AV 0057 | C17: Próprio | D17: REMOÇÃO DE ENTULHO SEPARADO DE OBRA COM CAÇAMBA METÁLICA - TERRA, ALVENARIA, CONCRETO, ARGAMASSA, MADEIRA, PAPEL, PLÁSTICO OU METAL | E17: m³ | F17: 140 | G17: 103.67 | H17: 125.24 | I17: 17533.6 | J17: BDI SERVIÇO
A18: 1.1.10 | B18: 98459 | C18: SINAPI | D18: TAPUME COM TELHA METÁLICA. AF_03/2024 | E18: m² | F18: 325.6 | G18: 95.06 | H18: 114.84 | I18: 37391.9 | J18: BDI SERVIÇO
A19: 1.2 | D19: ADMINISTRAÇÃO LOCAL DA OBRA | F19: 1 | H19: 119974.98 | I19: =SUM(I20:I20) -> 173516.99
A20: 1.2.1 | B20: 100781 | C20: PROPRIO | D20: ADMINISTRAÇÃO LOCAL | E20: H | F20: 600 | G20: 239.38 | H20: =G20*M2 -> 289.19498 | I20: =H20*F20 -> 173516.99 | J20: BDI SERVIÇO | K20: =I20/J477 -> 0.058030099
A21: 1.3 | D21: MOBILIZAÇÃO E DESMOBILIZAÇÃO | F21: 1 | H21: 9589.87 | I21: 9589.87
A22: 1.3.1 | B22: AV 0058 | C22: Próprio | D22: MOBILIZACAO E DESMOBILIZACAO DE CANTEIRO | E22: UN | F22: 1 | G22: 7937.98 | H22: 9589.87 | I22: 9589.87 | J22: BDI SERVIÇO
A23: 1.4 | D23: EQUIPAMENTOS DE APOIO | F23: 1 | H23: 9702.96 | I23: 9702.96
A24: 1.4.1 | B24: AV 0060 | C24: Próprio | D24: LOCACAO DE ANDAIME METALICO TIPO FACHADEIRO, PECAS COM APROXIMADAMENTE 1,20 M DE LARGURA E 2,0 M DE ALTURA, INCLUINDO DIAGONAIS EM X, BARRAS DE LIGACAO, SAPATAS E DEMAIS ITENS NECESSARIOS A MONTAGEM, INCLUSIVE MONTAGEM E DESMONTAGEM | E24: M2xMÊS | F24: 273.4 | G24: 29.38 | H24: 35.49 | I24: 9702.96 | J24: BDI SERVIÇO
A25: 2 | D25: FUNDAÇÃO | H25: 237449.92 | I25: =SUM(I26:I41) -> 237449.92
A26: 2.1 | B26: 99059 | C26: SINAPI | D26: LOCAÇÃO CONVENCIONAL DE OBRA, UTILIZANDO GABARITO DE TÁBUAS CORRIDAS PONTALETADAS A CADA 2,00M - 2 UTILIZAÇÕES. AF_03/2024 | E26: M | F26: 97.5 | G26: 71.32 | H26: 86.16 | I26: 8400.6 | J26: BDI SERVIÇO
A27: 2.2 | B27: 90100 | C27: SINAPI | D27: ESCAVAÇÃO MECANIZADA DE VALA COM PROF. ATÉ 1,5 M (MÉDIA MONTANTE E JUSANTE/UMA COMPOSIÇÃO POR TRECHO), RETROESCAV. (0,26 M3), LARG. DE 0,8 M A 1,5 M, EM SOLO DE 1A CATEGORIA, EM LOCAIS COM ALTO NÍVEL DE INTERFERÊNCIA. AF_09/2024 | E27: m³ | F27: 208.39 | G27: 15.06 | H27: 18.19 | I27: 3790.61 | J27: BDI SERVIÇO
A28: 2.3 | B28: 93358 | C28: SINAPI | D28: ESCAVAÇÃO MANUAL DE VALA. AF_09/2024 | E28: m³ | F28: 52.1 | G28: 102.09 | H28: 123.33 | I28: 6425.49 | J28: BDI SERVIÇO
A29: 2.4 | B29: 100324 | C29: SINAPI | D29: LASTRO COM MATERIAL GRANULAR (PEDRA BRITADA N.1 E PEDRA BRITADA N.2), APLICADO EM PISOS OU LAJES SOBRE SOLO, ESPESSURA DE *10 CM*. AF_01/2024 | E29: m³ | F29: 60.58 | G29: 209.32 | H29: 252.87 | I29: 15318.86 | J29: BDI SERVIÇO
A30: 2.5 | B30: 96534 | C30: SINAPI | D30: FABRICAÇÃO, MONTAGEM E DESMONTAGEM DE FÔRMA PARA BLOCO DE COROAMENTO, EM MADEIRA SERRADA, E=25 MM, 4 UTILIZAÇÕES. AF_01/2024 | E30: m² | F30: 403.5 | G30: 93.57 | H30: 113.04 | I30: 45611.64 | J30: BDI SERVIÇO
A31: 2.6 | B31: 96543 | C31: SINAPI | D31: ARMAÇÃO DE BLOCO UTILIZANDO AÇO CA-60 DE 5 MM - MONTAGEM. AF_01/2024 | E31: KG | F31: 415.5 | G31: 21.31 | H31: 25.74 | I31: 10694.97 | J31: BDI SERVIÇO
A32: 2.7 | B32: 96544 | C32: SINAPI | D32: ARMAÇÃO DE BLOCO UTILIZANDO AÇO CA-50 DE 6,3 MM - MONTAGEM. AF_01/2024 | E32: KG | F32: 4.4 | G32: 18.56 | H32: 22.42 | I32: 98.64 | J32: BDI SERVIÇO
A33: 2.8 | B33: 96545 | C33: SINAPI | D33: ARMAÇÃO DE BLOCO UTILIZANDO AÇO CA-50 DE 8 MM - MONTAGEM. AF_01/2024 | E33: KG | F33: 1092.4 | G33: 16.23 | H33: 19.6 | I33: 21411.04 | J33: BDI SERVIÇO
A34: 2.9 | B34: 96546 | C34: SINAPI | D34: ARMAÇÃO DE BLOCO UTILIZANDO AÇO CA-50 DE 10 MM - MONTAGEM. AF_01/2024 | E34: KG | F34: 787.4 | G34: 13.92 | H34: 16.81 | I34: 13236.19 | J34: BDI SERVIÇO
A35: 2.10 | B35: 104920 | C35: SINAPI | D35: ARMAÇÃO DE BLOCO, SAPATA ISOLADA, VIGA BALDRAME E SAPATA CORRIDA UTILIZANDO AÇO CA-50 DE 12,5 MM - MONTAGEM. AF_01/2024 | E35: KG | F35: 436.8 | G35: 10.44 | H35: 12.61 | I35: 5508.04 | J35: BDI SERVIÇO
A36: 2.11 | B36: 104921 | C36: SINAPI | D36: ARMAÇÃO DE BLOCO, SAPATA ISOLADA, VIGA BALDRAME E SAPATA CORRIDA UTILIZANDO AÇO CA-50 DE 16 MM - MONTAGEM. AF_01/2024 | E36: KG | F36: 207.1 | G36: 9.65 | H36: 11.65 | I36: 2412.71 | J36: BDI SERVIÇO
A37: 2.12 | B37: 96557 | C37: SINAPI | D37: CONCRETAGEM DE BLOCO DE COROAMENTO OU VIGA BALDRAME, FCK 30 MPA, COM USO DE BOMBA - LANÇAMENTO, ADENSAMENTO E ACABAMENTO. AF_01/2024 | E37: m³ | F37: 54.3 | G37: 836.56 | H37: 1010.64 | I37: 54877.75 | J37: BDI SERVIÇO
... A41: 2.16 | B41: AV 0062 | C41: Próprio | D41: CONTROLE TECNOLOGICO DE CONCRETOS | E41: m³ | F41: 54.3 | G41: 228.19 | H41: 275.67 | I41: 14968.88 | J41: BDI SERVIÇO
A42: 3 | D42: ESTRUTURA | H42: 335676.37 | I42: =SUM(I43,I50,I60,I71) -> 335676.37
A43: 3.1 | D43: PILARES | H43: 53869.96 | I43: =SUM(I44:I49) -> 53869.96
A44: 3.1.1 | B44: 92423 | C44: SINAPI | D44: MONTAGEM E DESMONTAGEM DE FÔRMA DE PILARES RETANGULARES E ESTRUTURAS SIMILARES, PÉ-DIREITO SIMPLES, EM CHAPA DE MADEIRA COMPENSADA RESINADA, 6 UTILIZAÇÕES. AF_09/2020 | E44: m² | F44: 231.1 | G44: 80.21 | H44: 96.9 | I44: 22393.59 | J44: BDI SERVIÇO
A45: 3.1.2 | B45: 92762 | C45: SINAPI | D45: ARMAÇÃO DE PILAR OU VIGA DE ESTRUTURA CONVENCIONAL DE CONCRETO ARMADO UTILIZANDO AÇO CA-50 DE 10,0 MM - MONTAGEM. AF_06/2022 | E45: KG | F45: 584.9 | G45: 10.32 | H45: 12.46 | I45: 7287.85 | J45: BDI SERVIÇO
A46: 3.1.3 | B46: 92763 | C46: SINAPI | D46: ARMAÇÃO DE PILAR OU VIGA DE ESTRUTURA CONVENCIONAL DE CONCRETO ARMADO UTILIZANDO AÇO CA-50 DE 12,5 MM - MONTAGEM. AF_06/2022 | E46: KG | F46: 151.3 | G46: 8.6 | H46: 10.38 | I46: 1570.49 | J46: BDI SERVIÇO
A47: 3.1.4 | B47: 92759 | C47: SINAPI | D47: ARMAÇÃO DE PILAR OU VIGA DE ESTRUTURA CONVENCIONAL DE CONCRETO ARMADO UTILIZANDO AÇO CA-60 DE 5,0 MM - MONTAGEM. AF_06/2022 | E47: KG | F47: 310.8 | G47: 14.26 | H47: 17.22 | I47: 5351.97 | J47: BDI SERVIÇO
A48: 3.1.5 | B48: AV 0005 | C48: Próprio | D48: CONCRETAGEM DE PILARES, FCK = 30 MPA, COM USO DE BOMBA - LANÇAMENTO, ADENSAMENTO E ACABAMENTO. AF_02/2022_PS | E48: m³ | F48: 14.2 | G48: 778.29 | H48: 940.25 | I48: 13351.55 | J48: BDI SERVIÇO
A49: 3.1.6 | B49: AV 0062 | C49: Próprio | D49: CONTROLE TECNOLOGICO DE CONCRETOS | E49: m³ | F49: 14.2 | G49: 228.19 | H49: 275.67 | I49: 3914.51 | J49: BDI SERVIÇO
A50: 3.2 | D50: VIGAS | H50: 88222.36 | I50: =SUM(I51:I59) -> 88222.36
A51: 3.2.1 | B51: 92460 | C51: SINAPI | D51: MONTAGEM E DESMONTAGEM DE FÔRMA DE VIGA, ESCORAMENTO METÁLICO, PÉ-DIREITO SIMPLES, EM CHAPA DE MADEIRA RESINADA, 6 UTILIZAÇÕES. AF_09/2020 | E51: m² | F51: 205.1 | G51: 139.65 | H51: 168.71 | I51: 34602.42 | J51: BDI SERVIÇO
A52: 3.2.2 | B52: 92760 | C52: SINAPI | D52: ARMAÇÃO DE PILAR OU VIGA DE ESTRUTURA CONVENCIONAL DE CONCRETO ARMADO UTILIZANDO AÇO CA-50 DE 6,3 MM - MONTAGEM. AF_06/2022 | E52: KG | F52: 54.6 | G52: 12.94 | H52: 15.63 | I52: 853.39 | J52: BDI SERVIÇO
A53: 3.2.3 | B53: 92761 | C53: SINAPI | D53: ARMAÇÃO DE PILAR OU VIGA DE ESTRUTURA CONVENCIONAL DE CONCRETO ARMADO UTILIZANDO AÇO CA-50 DE 8,0 MM - MONTAGEM. AF_06/2022 | E53: KG | F53: 296.7 | G53: 11.79 | H53: 14.24 | I53: 4225 | J53: BDI SERVIÇO
A54: 3.2.4 | B54: 92762 | C54: SINAPI | D54: ARMAÇÃO DE PILAR OU VIGA DE ESTRUTURA CONVENCIONAL DE CONCRETO ARMADO UTILIZANDO AÇO CA-50 DE 10,0 MM - MONTAGEM. AF_06/2022 | E54: KG | F54: 370 | G54: 10.32 | H54: 12.46 | I54: 4610.2 | J54: BDI SERVIÇO
A55: 3.2.5 | B55: 92763 | C55: SINAPI | D55: ARMAÇÃO DE PILAR OU VIGA DE ESTRUTURA CONVENCIONAL DE CONCRETO ARMADO UTILIZANDO AÇO CA-50 DE 12,5 MM - MONTAGEM. AF_06/2022 | E55: KG | F55: 545.5 | G55: 8.6 | H55: 10.38 | I55: 5662.29 | J55: BDI SERVIÇO
A56: 3.2.6 | B56: 92764 | C56: SINAPI | D56: ARMAÇÃO DE PILAR OU VIGA DE ESTRUTURA CONVENCIONAL DE CONCRETO ARMADO UTILIZANDO AÇO CA-50 DE 16,0 MM - MONTAGEM. AF_06/2022 | E56: KG | F56: 467.8 | G56: 8.23 | H56: 9.94 | I56: 4649.93 | J56: BDI SERVIÇO
A57: 3.2.7 | B57: 92759 | C57: SINAPI | D57: ARMAÇÃO DE PILAR OU VIGA DE ESTRUTURA CONVENCIONAL DE CONCRETO ARMADO UTILIZANDO AÇO CA-60 DE 5,0 MM - MONTAGEM. AF_06/2022 | E57: KG | F57: 311.8 | G57: 14.26 | H57: 17.22 | I57: 5369.19 | J57: BDI SERVIÇO
A58: 3.2.8 | B58: AV 0006 | C58: Próprio | D58: CONCRETAGEM DE VIGAS E LAJES, FCK=30 MPA, PARA LAJES MACIÇAS OU NERVURADAS COM USO DE BOMBA - LANÇAMENTO, ADENSAMENTO E ACABAMENTO. | E58: m³ | F58: 23.2 | G58: 779.74 | H58: 942 | I58: 21854.4 | J58: BDI SERVIÇO
A59: 3.2.9 | B59: AV 0062 | C59: Próprio | D59: CONTROLE TECNOLOGICO DE CONCRETOS | E59: m³ | F59: 23.2 | G59: 228.19 | H59: 275.67 | I59: 6395.54 | J59: BDI SERVIÇO
A60: 3.3 | D60: LAJES | H60: 191449.43 | I60: 191449.43
A61: 3.3.1 | B61: 92768 | C61: SINAPI | D61: ARMAÇÃO DE LAJE DE ESTRUTURA CONVENCIONAL DE CONCRETO ARMADO UTILIZANDO AÇO CA-60 DE 5,0 MM - MONTAGEM. AF_06/2022 | E61: KG | F61: 429.2 | G61: 13.56 | H61: 16.38 | I61: 7030.29 | J61: BDI SERVIÇO
A62: 3.3.2 | B62: 92769 | C62: SINAPI | D62: ARMAÇÃO DE LAJE DE ESTRUTURA CONVENCIONAL DE CONCRETO ARMADO UTILIZANDO AÇO CA-50 DE 6,3 MM - MONTAGEM. AF_06/2022 | E62: KG | F62: 128.4 | G62: 12.28 | H62: 14.83 | I62: 1904.17 | J62: BDI SERVIÇO
A63: 3.3.3 | B63: 92770 | C63: SINAPI | D63: ARMAÇÃO DE LAJE DE ESTRUTURA CONVENCIONAL DE CONCRETO ARMADO UTILIZANDO AÇO CA-50 DE 8,0 MM - MONTAGEM. AF_06/2022 | E63: KG | F63: 70.1 | G63: 11.18 | H63: 13.5 | I63: 946.35 | J63: BDI SERVIÇO
A64: 3.3.4 | B64: 92771 | C64: SINAPI | D64: ARMAÇÃO DE LAJE DE ESTRUTURA CONVENCIONAL DE CONCRETO ARMADO UTILIZANDO AÇO CA-50 DE 10,0 MM - MONTAGEM. AF_06/2022 | E64: KG | F64: 126 | G64: 9.79 | H64: 11.82 | I64: 1489.32 | J64: BDI SERVIÇO
A65: 3.3.5 | B65: 92772 | C65: SINAPI | D65: ARMAÇÃO DE LAJE DE ESTRUTURA CONVENCIONAL DE CONCRETO ARMADO UTILIZANDO AÇO CA-50 DE 12,5 MM - MONTAGEM. AF_06/2022 | E65: KG | F65: 252.4 | G65: 8.11 | H65: 9.79 | I65: 2470.99 | J65: BDI SERVIÇO
A66: 3.3.6 | B66: AV 0006 | C66: Próprio | D66: CONCRETAGEM DE VIGAS E LAJES, FCK=30 MPA, PARA LAJES MACIÇAS OU NERVURADAS COM USO DE BOMBA - LANÇAMENTO, ADENSAMENTO E ACABAMENTO. | E66: m³ | F66: 34.7 | G66: 779.74 | H66: 942 | I66: 32687.4 | J66: BDI SERVIÇO
A67: 3.3.7 | B67: AV 0062 | C67: Próprio | D67: CONTROLE TECNOLOGICO DE CONCRETOS | E67: m³ | F67: 34.7 | G67: 228.19 | H67: 275.67 | I67: 9565.74 | J67: BDI SERVIÇO
A68: 3.3.8 | B68: AV 0066 | C68: Próprio | D68: Laje pré-fabricada unidirecional em viga treliçada/lajota em EPS LT 16 (12 + 4), exceto capa de concreto | E68: m² | F68: 539.41 | G68: 115.84 | H68: 139.94 | I68: 75485.03 | J68: BDI SERVIÇO
A69: 3.3.9 | B69: AV 0339 | C69: Próprio | D69: FORNECIMENTO E INSTALAÇÃO DE TELA AÇO SOLDADA NERVURADA CA-60, MALHA 20X20CM,FERRO 3.4MM, PAINEL 2X3M, (0,72KG/M²), MALHA POP LEVE GERDAU OU SIMILAR | E69: m² | F69: 631.11 | G69: 18.68 | H69: 22.56 | I69: 14237.84 | J69: BDI SERVIÇO
A70: 3.3.10 | B70: 101792 | C70: SINAPI | D70: ESCORAMENTO DE FÔRMAS DE LAJE EM MADEIRA NÃO APARELHADA, PÉ-DIREITO SIMPLES, INCLUSO TRAVAMENTO, 4 UTILIZAÇÕES. AF_09/2020 | E70: m³ | F70: 1914.91 | G70: 19.73 | H70: 23.83 | I70: 45632.3 | J70: BDI SERVIÇO
A71: 3.4 | D71: BASE RESERVATÓRIO | F71: 1 | H71: 2134.62 | I71: 2134.62
A72: 3.4.1 | B72: 97103 | C72: SINAPI | D72: EXECUÇÃO DE RADIER, ESPESSURA DE 20 CM, FCK = 30 MPA, COM USO DE FORMAS EM MADEIRA SERRADA. AF_09/2021 | E72: m² | F72: 6.25 | G72: 282.71 | H72: 341.54 | I72: 2134.62 | J72: BDI SERVIÇO
A73: 4 | D73: ALVENARIA, VEDAÇÕES E DIVISÓRIAS | F73: 1 | H73: 224273.76 | I73: 224273.76
A74: 4.1 | D74: ALVENARIA DE VEDAÇÃO | F74: 1 | H74: 141714.04 | I74: 141714.04
A75: 4.1.1 | B75: 103324 | C75: SINAPI | D75: ALVENARIA DE VEDAÇÃO DE BLOCOS CERÂMICOS FURADOS NA VERTICAL DE 14X19X39 CM (ESPESSURA 14 CM) E ARGAMASSA DE ASSENTAMENTO COM PREPARO EM BETONEIRA. AF_12/2021 | E75: m² | F75: 888.77 | G75: 91.26 | H75: 110.25 | I75: 97986.89 | J75: BDI SERVIÇO
A76: 4.1.2 | B76: AV 0340 | C76: Próprio | D76: COBOGO DE CIMENTO (ELEMENTO VAZADO, CIRCULAR), 30 X 30 X 5CM, ASSENTADO COM ARGAMASSA DE CIMENTO E AREIA | E76: m² | F76: 76.23 | G76: 245.28 | H76: 296.32 | I76: 22588.47 | J76: BDI SERVIÇO
A77: 4.1.3 | B77: 93191 | C77: SINAPI | D77: VERGA MOLDADA IN LOCO COM UTILIZAÇÃO DE BLOCOS CANALETA, ESPESSURA DE *20* CM. AF_03/2024 | E77: M | F77: 114.15 | G77: 76.38 | H77: 92.27 | I77: 10532.62 | J77: BDI SERVIÇO
A78: 4.1.4 | B78: 93199 | C78: SINAPI | D78: CONTRAVERGA MOLDADA IN LOCO COM UTILIZAÇÃO DE BLOCOS CANALETA, ESPESSURA DE *20* CM. AF_03/2024 | E78: M | F78: 48.8 | G78: 55.63 | H78: 67.2 | I78: 3279.36 | J78: BDI SERVIÇO
A79: 4.1.5 | B79: 93200 | C79: SINAPI | D79: FIXAÇÃO (ENCUNHAMENTO) DE ALVENARIA DE VEDAÇÃO COM ARGAMASSA APLICADA COM BISNAGA. AF_03/2024 | E79: M | F79: 416.29 | G79: 14.57 | H79: 17.6 | I79: 7326.7 | J79: BDI SERVIÇO
A80: 4.2 | D80: DRYWALL | F80: 1 | H80: 64369 | I80: 64369
A81: 4.2.1 | B81: AV 0007 | C81: Próprio | D81: PAREDE COM SISTEMA EM CHAPAS DE GESSO RU PARA DRYWALL, USO INTERNO, COM DUAS FACES SIMPLES E ESTRUTURA METÁLICA COM GUIAS SIMPLES PARA PAREDES COM ÁREA LÍQUIDA MAIOR OU IGUAL A 6 M2, COM VÃOS. AF_07/2023_PS | E81: m² | F81: 107.07 | G81: 131.97 | H81: 159.43 | I81: 17070.17 | J81: BDI SERVIÇO
A82: 4.2.2 | B82: AV 0012 | C82: Próprio | D82: PAREDE COM SISTEMA EM CHAPAS DE GESSO RU PARA DRYWALL COM ISOLAMENTO ACUSTICO, USO INTERNO, COM DUAS FACES SIMPLES E ESTRUTURA METÁLICA COM GUIAS SIMPLES PARA PAREDES COM ÁREA LÍQUIDA MAIOR OU IGUAL A 6 M2, COM VÃOS. | E82: m² | F82: 91.66 | G82: 202.62 | H82: 244.78 | I82: 22436.53 | J82: BDI SERVIÇO
A83: 4.2.3 | B83: AV 0341 | C83: Próprio | D83: PAREDE COM SISTEMA EM CHAPAS DE GESSO RU PARA DRYWALL COM ISOLAMENTO ACUSTICO, USO INTERNO, COM DUAS FACES DUPLAS E ESTRUTURA METÁLICA COM GUIAS DUPLAS PARA PAREDES COM ÁREA LÍQUIDA MAIOR OU IGUAL A 6 M2, COM VÃOS. | E83: m² | F83: 10.56 | G83: 322.75 | H83: 389.91 | I83: 4117.44 | J83: BDI SERVIÇO
A84: 4.2.4 | B84: AV 0342 | C84: Próprio | D84: PAREDE COM SISTEMA EM CHAPAS DE GESSO ST PARA DRYWALL COM ISOLAMENTO ACUSTICO, USO INTERNO, COM DUAS FACES DUPLAS E ESTRUTURA METÁLICA COM GUIAS DUPLAS PARA PAREDES COM ÁREA LÍQUIDA MAIOR OU IGUAL A 6 M2, COM VÃOS. | E84: m² | F84: 50.5 | G84: 295.13 | H84: 356.54 | I84: 18005.27 | J84: BDI SERVIÇO
A85: 4.2.5 | B85: 96374 | C85: SINAPI | D85: INSTALAÇÃO DE REFORÇO DE MADEIRA EM PAREDE DRYWALL. AF_07/2023 | E85: M | F85: 77.94 | G85: 29.1 | H85: 35.15 | I85: 2739.59 | J85: BDI SERVIÇO
A86: 4.3 | D86: DIVISÓRIAS | F86: 1 | H86: 18190.72 | I86: 18190.72
A87: 4.3.1 | B87: 102257 | C87: SINAPI | D87: DIVISORIA SANITÁRIA, EM PAINEL DE GRANILITE, ESP = 3CM, ASSENTADO COM ARGAMASSA COLANTE AC III-E. AF_10/2025 | E87: m² | F87: 36.38 | G87: 413.89 | H87: 500.02 | I87: 18190.72 | J87: BDI SERVIÇO
A88: 5 | D88: COBERTURA | F88: 1 | H88: 102450.27 | I88: 102450.27
A89: 5.1 | D89: ESTRUTURA | F89: 1 | H89: 31749.97 | I89: 31749.97
A90: 5.1.1 | B90: 100383 | C90: SINAPI | D90: FABRICAÇÃO E INSTALAÇÃO DE PONTALETES DE MADEIRA NÃO APARELHADA PARA TELHADOS COM ATÉ 2 ÁGUAS E COM TELHA ONDULADA DE FIBROCIMENTO, ALUMÍNIO OU PLÁSTICA EM EDIFÍCIO RESIDENCIAL DE MÚLTIPLOS PAVIMENTOS, INCLUSO TRANSPORTE VERTICAL. AF_10/2025 | E90: m² | F90: 490.12 | G90: 26.78 | H90: 32.35 | I90: 15855.38 | J90: BDI SERVIÇO
A91: 5.1.2 | B91: 92543 | C91: SINAPI | D91: TRAMA DE MADEIRA COMPOSTA POR TERÇAS PARA TELHADOS DE ATÉ 2 ÁGUAS PARA TELHA ONDULADA DE FIBROCIMENTO, METÁLICA, PLÁSTICA OU TERMOACÚSTICA, INCLUSO TRANSPORTE VERTICAL. AF_10/2025 | E91: m² | F91: 490.12 | G91: 26.85 | H91: 32.43 | I91: 15894.59 | J91: BDI SERVIÇO
A92: 5.2 | D92: TELHAMENTO | F92: 1 | H92: 28838.66 | I92: 28838.66
A93: 5.2.1 | B93: 94207 | C93: SINAPI | D93: TELHAMENTO COM TELHA ONDULADA DE FIBROCIMENTO E = 6 MM, COM RECOBRIMENTO LATERAL DE 1/4 DE ONDA PARA TELHADO COM INCLINAÇÃO MAIOR QUE 10°, COM ATÉ 2 ÁGUAS, INCLUSO IÇAMENTO. AF_07/2019 | E93: m² | F93: 490.12 | G93: 48.71 | H93: 58.84 | I93: 28838.66 | J93: BDI SERVIÇO
A94: 5.3 | D94: COMPLEMENTOS | F94: 1 | H94: 41861.64 | I94: 41861.64
A95: 5.3.1 | B95: 94229 | C95: SINAPI | D95: CALHA EM CHAPA DE AÇO GALVANIZADO NÚMERO 24, DESENVOLVIMENTO DE 100 CM, INCLUSO TRANSPORTE VERTICAL. AF_07/2019 | E95: M | F95: 154.4 | G95: 163.35 | H95: 197.34 | I95: 30469.29 | J95: BDI SERVIÇO
A96: 5.3.2 | B96: 94231 | C96: SINAPI | D96: RUFO EM CHAPA DE AÇO GALVANIZADO NÚMERO 24, CORTE DE 25 CM, INCLUSO TRANSPORTE VERTICAL. AF_07/2019 | E96: M | F96: 53.63 | G96: 50.3 | H96: 60.76 | I96: 3258.55 | J96: BDI SERVIÇO
A97: 5.3.3 | B97: 94451 | C97: SINAPI | D97: CUMEEIRA PARA TELHA DE FIBROCIMENTO ESTRUTURAL E = 6 MM, INCLUSO ACESSÓRIOS DE FIXAÇÃO E IÇAMENTO. AF_07/2019 | E97: M | F97: 74.2 | G97: 90.74 | H97: 109.62 | I97: 8133.8 | J97: BDI SERVIÇO
A98: 6 | D98: IMPERMEABILIZAÇÃO | F98: 1 | H98: 44083.17 | I98: 44083.17
A99: 6.1 | B99: 98565 | C99: SINAPI | D99: PROTEÇÃO MECÂNICA DE SUPERFICIE HORIZONTAL COM ARGAMASSA DE CIMENTO E AREIA, TRAÇO 1:3, E=3CM. AF_09/2023 | E99: m² | F99: 107.01 | G99: 66.07 | H99: 79.81 | I99: 8540.46 | J99: BDI SERVIÇO
A100: 6.2 | B100: 98556 | C100: SINAPI | D100: IMPERMEABILIZAÇÃO DE SUPERFÍCIE COM ARGAMASSA POLIMÉRICA / MEMBRANA ACRÍLICA, 4 DEMÃOS, REFORÇADA COM VÉU DE POLIÉSTER (MAV). AF_09/2023 | E100: m² | F100: 222.3 | G100: 65.6 | H100: 79.25 | I100: 17617.27 | J100: BDI SERVIÇO
A101: 6.3 | B101: 98555 | C101: SINAPI | D101: IMPERMEABILIZAÇÃO DE SUPERFÍCIE COM ARGAMASSA POLIMÉRICA / MEMBRANA ACRÍLICA, 3 DEMÃOS. AF_09/2023 | E101: m² | F101: 416.29 | G101: 35.65 | H101: 43.06 | I101: 17925.44 | J101: BDI SERVIÇO
A102: 7 | D102: ESQUADRIAS | F102: 1 | H102: 207117.54 | I102: 207117.54
A103: 7.1 | D103: ESQUADRIAS DE MADEIRA | F103: 1 | H103: 52599.52 | I103: 52599.52
A104: 7.1.1 | D104: PORTAS DE MADEIRA | F104: 1 | H104: 52599.52 | I104: 52599.52
A105: 7.1.1.1 | B105: 90844 | C105: SINAPI | D105: KIT DE PORTA DE MADEIRA PARA PINTURA, SEMI-OCA (LEVE OU MÉDIA), PADRÃO MÉDIO, 90X210CM, ESPESSURA DE 3,5CM, ITENS INCLUSOS: DOBRADIÇAS, MONTAGEM E INSTALAÇÃO DO BATENTE, FECHADURA COM EXECUÇÃO DO FURO - FORNECIMENTO E INSTALAÇÃO. AF_10/2025 | E105: UN | F105: 12 | G105: 1354.75 | H105: 1636.67 | I105: 19640.04 | J105: BDI SERVIÇO
...

Sheet PLQ
A1: LOGO DO MUNICIPIO | C1: Obra | E1: Bancos | H1: B.D.I. | J1: B.D.I. Insumo | L1: Encargos Sociais
C2: =DADOS!B8 -> Construção de Centro de Atenção Psicossocial Tipo I, no Município de PORTO SEGURO/BA | E2: =DADOS!B9 -> SINAPI 02/2026 | H2: =DADOS!B10 -> 0.2081 | J2: =DADOS!D10 -> 0 | L2: Não Desonerado: embutido nos preços unitário dos insumos de mão de obra, de acordo com as bases.
A4: MEMORIAL DE CÁLCULO
A6: ITEM | B6: CÓDIGO | C6: BANCO | D6: DESCRIÇÃO | E6: UNIDADE | F6: QTDE | G6: DADOS NUMÉRICOS | N6: MEMORIA DE CÁLCULO
A7: 1 | D7: ADMINISTRAÇÃO LOCAL
A8: 1.1 | F8: =ROUND(L12,2) -> 0 | G8: Quantidade | H8: Área | I8: Largura | J8: Comprimento | K8: Altura | L8: Porcentagem | M8: Total
M9: =ROUND(I9*J9*K9,2) -> 0
M10: =ROUND(I10*J10*K10,2) -> 0
M11: =ROUND(I11*J11*K11,2) -> 0
L12: =SUM(M9:M12) -> 0 | M12: =E8 -> 0
A15: =DADOS!B5 -> PORTO SEGURO/BA | K15: =DADOS!B20 -> 46323
A16: Local | K16: Data
A22: Responsável Técnico
A23: Nome: | C23: =DADOS!B16 -> Andressa Vasconcelos Porto
A24: Título: | C24: =DADOS!B17 -> Engenheira Civil
A25: CREA/CAU: | C25: =DADOS!B18 -> CREA/BA 052288016-9

Sheet ORÇAMENTO ANALÍTICO
C1: Obra | E1: Bancos | G1: B.D.I. | I1: Encargos Sociais
C2: =DADOS!B8 -> Construção de Centro de Atenção Psicossocial Tipo I, no Município de PORTO SEGURO/BA | E2: =DADOS!B9 -> SINAPI 02/2026 | G2: =DADOS!B10 -> 0.2081 | I2: ='ORÇAMENTO SINTÉTICO'!J2 -> Não Desonerado: embutido nos preços unitário dos insumos de mão de obra, de acordo com as bases.
A5: PLANILHA ORÇAMENTÁRIA ANALÍTICA
A7: 1 | D7: SERVIÇOS PRELIMINARES E INDIRETOS | J7: 277555.37
A8: 1.1 | D8: CANTEIRO DE OBRAS | J8: 157390.76
A9: 1.1.1 | B9: Código | C9: Banco | D9: Descrição | E9: Tipo | G9: Und | H9: Quant. | I9: Valor Unit | J9: Total
A10: Composição | B10: AV 0051 | C10: Próprio | D10: LOCAÇÃO DE CONTAINER TIPO DEPÓSITO - ÁREA MÍNIMA DE 13,80 M2 | E10: CANT - CANTEIRO DE OBRAS | G10: UNXMES | H10: 1 | I10: 1803.48 | J10: 1803.48
A11: Composição Auxiliar | B11: 88264 | C11: SINAPI | D11: ELETRICISTA COM ENCARGOS COMPLEMENTARES | E11: Livro SINAPI: Cálculos e Parâmetros | G11: H | H11: 0.99 | I11: 34.78 | J11: 34.43
A12: Composição Auxiliar | B12: 88316 | C12: SINAPI | D12: SERVENTE COM ENCARGOS COMPLEMENTARES | E12: Livro SINAPI: Cálculos e Parâmetros | G12: H | H12: 1.32 | I12: 25.81 | J12: 34.06
A13: Composição Auxiliar | B13: 88247 | C13: SINAPI | D13: AUXILIAR DE ELETRICISTA COM ENCARGOS COMPLEMENTARES | E13: Livro SINAPI: Cálculos e Parâmetros | G13: H | H13: 1.32 | I13: 27.11 | J13: 35.78
A14: Insumo | B14: 00010776 | C14: SINAPI | D14: LOCACAO DE CONTAINER 2,30 X 6,00 M, ALT. 2,50 M, PARA ESCRITORIO, SEM DIVISORIAS INTERNAS E SEM SANITARIO (NAO INCLUI MOBILIZACAO/DESMOBILIZACAO) | E14: Equipamento | G14: MES | H14: 1 | I14: 1699.21 | J14: 1699.21
E15: MO sem LS => | F15: 69.67 | G15: LS => | H15: 0 | I15: MO com LS => | J15: 69.67
E16: Valor do BDI => | F16: 375.3 | H16: Valor com BDI => | J16: 2178.78
A19: 1.1.2 | B19: Código | C19: Banco | D19: Descrição | E19: Tipo | G19: Und | H19: Quant. | I19: Valor Unit | J19: Total
A20: Composição | B20: AV 0052 | C20: Próprio | D20: BARRACÃO ABERTO PARA APOIO À PRODUÇÃO (CARPINTARIA, CENTRAL DE ARMAÇÃO, OFICINA, ETC.) C/ TESOURAS, TELHA 4MM, PISO EM CONCRETO DESEMPOLADO | E20: CANT - CANTEIRO DE OBRAS | G20: m² | H20: 1 | I20: 244.51 | J20: 244.51
A21: Composição Auxiliar | B21: 97083 | C21: SINAPI | D21: COMPACTAÇÃO MECÂNICA DE SOLO PARA EXECUÇÃO DE RADIER, PISO DE CONCRETO OU LAJE SOBRE SOLO, COM COMPACTADOR DE SOLOS A PERCUSSÃO. AF_09/2021 | E21: Radier, Piso de Concreto e Laje sobre Solo | G21: m² | H21: 1 | I21: 4.02 | J21: 4.02
A22: Composição Auxiliar | B22: 94207 | C22: SINAPI | D22: TELHAMENTO COM TELHA ONDULADA DE FIBROCIMENTO E = 6 MM, COM RECOBRIMENTO LATERAL DE 1/4 DE ONDA PARA TELHADO COM INCLINAÇÃO MAIOR QUE 10°, COM ATÉ 2 ÁGUAS, INCLUSO IÇAMENTO. AF_07/2019 | E22: Telhamento para Cobertura | G22: m² | H22: 1 | I22: 48.71 | J22: 48.71
A23: Composição Auxiliar | B23: 100382 | C23: SINAPI | D23: FABRICAÇÃO E INSTALAÇÃO DE PONTALETES DE MADEIRA NÃO APARELHADA PARA TELHADOS COM ATÉ 2 ÁGUAS E COM TELHA ONDULADA DE FIBROCIMENTO, ALUMÍNIO OU PLÁSTICA EM EDIFÍCIO RESIDENCIAL TÉRREO/SOBRADO, INCLUSO TRANSPORTE VERTICAL. AF_10/2025 | E23: Estrutura e Trama para Cobertura | G23: m² | H23: 1 | I23: 24.85 | J23: 24.85
A24: Composição Auxiliar | B24: 92562 | C24: SINAPI | D24: FABRICAÇÃO E INSTALAÇÃO DE TESOURA INTEIRA EM MADEIRA NÃO APARELHADA, VÃO DE 10 M, PARA TELHA ONDULADA DE FIBROCIMENTO, METÁLICA, PLÁSTICA OU TERMOACÚSTICA, INCLUSO IÇAMENTO. AF_10/2025 | E24: Estrutura e Trama para Cobertura | G24: UN | H24: 0.03 | I24: 2751.39 | J24: 82.54
A25: Composição Auxiliar | B25: AV490 | C25: Próprio | D25: (Cópia SINAPI 101747) PISO EM CONCRETO 20 MPA PREPARO MECÂNICO, ESPESSURA 7CM. AF_09/2020 | E25: ASTU - ASSENTAMENTO DE TUBOS E PECAS | G25: m² | H25: 1 | I25: 84.39 | J25: 84.39
E26: MO sem LS => | F26: 46.71 | G26: LS => | H26: 0 | I26: MO com LS => | J26: 46.71
E27: Valor do BDI => | F27: 50.88 | H27: Valor com BDI => | J27: 295.39
A30: 1.1.3 | B30: Código | C30: Banco | D30: Descrição | E30: Tipo | G30: Und | H30: Quant. | I30: Valor Unit | J30: Total
A31: Composição | B31: AV 0338 | C31: Próprio | D31: LOCAÇÃO DE CONTAINER - BANHEIRO COM CHUVEIROS E VASOS - 4,30 X 2,30M | E31: CANT - CANTEIRO DE OBRAS | G31: mês | H31: 1 | I31: 2469.53 | J31: 2469.53
A32: Insumo | B32: 00010777 | C32: SINAPI | D32: LOCACAO DE CONTAINER 2,30 X 4,30 M, ALT. 2,50 M, PARA SANITARIO, COM 3 BACIAS, 4 CHUVEIROS, 1 LAVATORIO E 1 MICTORIO (NAO INCLUI MOBILIZACAO/DESMOBILIZACAO) | E32: Equipamento | G32: MES | H32: 1 | I32: 2469.53 | J32: 2469.53
E33: MO sem LS => | F33: 0 | G33: LS => | H33: 0 | I33: MO com LS => | J33: 0
E34: Valor do BDI => | F34: 513.9 | H34: Valor com BDI => | J34: 2983.43
A37: 1.1.4 | B37: Código | C37: Banco | D37: Descrição | E37: Tipo | G37: Und | H37: Quant. | I37: Valor Unit | J37: Total
A38: Composição | B38: AV 0055 | C38: Próprio | D38: BARRACAO PARA REFEITORIO EM OBRAS EM COMPENSADO | E38: CANT - CANTEIRO DE OBRAS | G38: m² | H38: 1 | I38: 1207.21 | J38: 1207.21
A39: Composição Auxiliar | B39: 88239 | C39: SINAPI | D39: AJUDANTE DE CARPINTEIRO COM ENCARGOS COMPLEMENTARES | E39: Livro SINAPI: Cálculos e Parâmetros | G39: H | H39: 12.075 | I39: 26.24 | J39: 316.84
A40: Composição Auxiliar | B40: 88262 | C40: SINAPI | D40: CARPINTEIRO DE FORMAS COM ENCARGOS COMPLEMENTARES | E40: Livro SINAPI: Cálculos e Parâmetros | G40: H | H40: 8.419 | I40: 33.68 | J40: 283.55
A41: Composição Auxiliar | B41: 88316 | C41: SINAPI | D41: SERVENTE COM ENCARGOS COMPLEMENTARES | E41: Livro SINAPI: Cálculos e Parâmetros | G41: H | H41: 13.053 | I41: 25.81 | J41: 336.89
A42: Insumo | B42: 00004491 | C42: SINAPI | D42: PONTALETE *7,5 X 7,5* CM EM PINUS, MISTA OU EQUIVALENTE DA REGIAO - BRUTA | E42: Material | G42: M | H42: 10.12 | I42: 10.28 | J42: 104.0336
A43: Insumo | B43: 00002420 | C43: SINAPI | D43: DOBRADICA EM ACO/FERRO, 3" X 2 1/2", E= 1,9 A 2 MM, SEM ANEL, CROMADO OU ZINCADO, TAMPA BOLA, COM PARAFUSOS | E43: Material | G43: UN | H43: 0.48 | I43: 20.74 | J43: 9.9552
A44: Insumo | B44: 00007213 | C44: SINAPI | D44: TELHA DE FIBROCIMENTO ONDULADA E = 4 MM, DE 2,44 X 0,50 M (SEM AMIANTO) | E44: Material | G44: m² | H44: 0.84 | I44: 18.9 | J44: 15.876
A45: Insumo | B45: 00020205 | C45: SINAPI | D45: RIPA APARELHADA *1,5 X 5* CM, EM MACARANDUBA/MASSARANDUBA, ANGELIM OU EQUIVALENTE DA REGIAO | E45: Material | G45: M | H45: 4.949 | I45: 3.16 | J45: 15.63884
A46: Insumo | B46: 00043614 | C46: SINAPI | D46: TABUA NAO APARELHADA *2,5 X 15* CM, EM MACARANDUBA/MASSARANDUBA, ANGELIM OU EQUIVALENTE DA REGIAO - BRUTA | E46: Material | G46: M | H46: 6.26 | I46: 14.41 | J46: 90.2066
A47: Insumo | B47: 00039027 | C47: SINAPI | D47: PREGO DE ACO POLIDO COM CABECA 19 X 36 (3 1/4 X 9) | E47: Material | G47: KG | H47: 1.68 | I47: 16.3 | J47: 27.384
A48: Insumo | B48: 00005068 | C48: SINAPI | D48: PREGO DE ACO POLIDO COM CABECA 17 X 21 (2 X 11) | E48: Material | G48: KG | H48: 0.421 | I48: 16.32 | J48: 6.87072
E49: MO sem LS => | F49: 627.49 | G49: LS => | H49: 0 | I49: MO com LS => | J49: 627.49
E50: Valor do BDI => | F50: 251.22 | H50: Valor com BDI => | J50: 1458.43
A53: 1.1.5 | B53: Código | C53: Banco | D53: Descrição | E53: Tipo | G53: Und | H53: Quant. | I53: Valor Unit | J53: Total
A54: Composição | B54: 95648 | C54: SINAPI | D54: KIT CAVALETE PARA MEDIÇÃO DE ÁGUA - ENTRADA INDIVIDUALIZADA, EM CPVC DN 28 MM (1"), PARA 1 MEDIDOR - FORNECIMENTO E INSTALAÇÃO (EXCLUSIVE HIDRÔMETRO). AF_03/2024 | E54: Sistemas de Medição | G54: UN | H54: 1 | I54: 583.94 | J54: 583.94
A55: Composição Auxiliar | B55: 88267 | C55: SINAPI | D55: ENCANADOR OU BOMBEIRO HIDRÁULICO COM ENCARGOS COMPLEMENTARES | E55: Livro SINAPI: Cálculos e Parâmetros | G55: H | H55: 1.6421 | I55: 33.8 | J55: 55.5
A56: Composição Auxiliar | B56: 88248 | C56: SINAPI | D56: AUXILIAR DE ENCANADOR OU BOMBEIRO HIDRÁULICO COM ENCARGOS COMPLEMENTARES | E56: Livro SINAPI: Cálculos e Parâmetros | G56: H | H56: 1.6421 | I56: 26.27 | J56: 43.13
A57: Insumo | B57: 00038007 | C57: SINAPI | D57: CONECTOR, CPVC, SOLDAVEL, 28 MM X 1", PARA AGUA QUENTE | E57: Material | G57: UN | H57: 2 | I57: 27.39 | J57: 54.78
A58: Insumo | B58: 00037957 | C58: SINAPI | D58: JOELHO CPVC, SOLDAVEL, 90 GRAUS, 28 MM, PARA AGUA QUENTE | E58: Material | G58: UN | H58: 2 | I58: 8.81 | J58: 17.62
A59: Insumo | B59: 00003148 | C59: SINAPI | D59: FITA VEDA ROSCA, EM PTFE, ROLO DE 18 MM X 50 M (L X C) | E59: Material | G59: UN | H59: 0.0132 | I59: 15.49 | J59: 0.204468
A60: Insumo | B60: 00037960 | C60: SINAPI | D60: JOELHO CPVC, SOLDAVEL, 90 GRAUS, 54 MM, PARA AGUA QUENTE | E60: Material | G60: UN | H60: 2 | I60: 62.62 | J60: 125.24
A61: Insumo | B61: 00038029 | C61: SINAPI | D61: TUBO CPVC, SOLDAVEL, 54 MM, AGUA QUENTE PREDIAL (NBR 15884) | E61: Material | G61: M | H61: 0.9444 | I61: 79.7 | J61: 75.26868
A62: Insumo | B62: 00021125 | C62: SINAPI | D62: TUBO CPVC, SOLDAVEL, 28 MM, AGUA QUENTE PREDIAL (NBR 15884) | E62: Material | G62: M | H62: 2.9905 | I62: 31.14 | J62: 93.12417
A63: Insumo | B63: 00021114 | C63: SINAPI | D63: ADESIVO PARA TUBOS CPVC, *75* G | E63: Material | G63: UN | H63: 0.98 | I63: 32.75 | J63: 32.095
A64: Insumo | B64: 00044400 | C64: SINAPI | D64: BUCHA DE REDUCAO CPVC, SOLDAVEL, 54 X 28 MM, PARA AGUA QUENTE | E64: Material | G64: UN | H64: 1 | I64: 30.21 | J64: 30.21
A65: Insumo | B65: 00006019 | C65: SINAPI | D65: REGISTRO GAVETA BRUTO EM LATAO FORJADO, BITOLA 1" | E65: Material | G65: UN | H65: 1 | I65: 56.79 | J65: 56.79
E66: MO sem LS => | F66: 68.81 | G66: LS => | H66: 0 | I66: MO com LS => | J66: 68.81
E67: Valor do BDI => | F67: 121.51 | H67: Valor com BDI => | J67: 705.45
A70: 1.1.6 | B70: Código | C70: Banco | D70: Descrição | E70: Tipo | G70: Und | H70: Quant. | I70: Valor Unit | J70: Total
A71: Composição | B71: 95673 | C71: SINAPI | D71: HIDRÔMETRO DN 1/2", 1,5 M3/H - FORNECIMENTO E INSTALAÇÃO. AF_03/2024 | E71: Sistemas de Medição | G71: UN | H71: 1 | I71: 191.07 | J71: 191.07
A72: Composição Auxiliar | B72: 88267 | C72: SINAPI | D72: ENCANADOR OU BOMBEIRO HIDRÁULICO COM ENCARGOS COMPLEMENTARES | E72: Livro SINAPI: Cálculos e Parâmetros | G72: H | H72: 0.4315 | I72: 33.8 | J72: 14.58
A73: Composição Auxiliar | B73: 88248 | C73: SINAPI | D73: AUXILIAR DE ENCANADOR OU BOMBEIRO HIDRÁULICO COM ENCARGOS COMPLEMENTARES | E73: Livro SINAPI: Cálculos e Parâmetros | G73: H | H73: 0.4315 | I73: 26.27 | J73: 11.33
A74: Insumo | B74: 00003148 | C74: SINAPI | D74: FITA VEDA ROSCA, EM PTFE, ROLO DE 18 MM X 50 M (L X C) | E74: Material | G74: UN | H74: 0.0106 | I74: 15.49 | J74: 0.164194
A75: Insumo | B75: 00012769 | C75: SINAPI | D75: HIDROMETRO UNIJATO / MEDIDOR DE AGUA, DN 1/2", VAZAO MAXIMA DE 1,5 M3/H, PARA AGUA POTAVEL FRIA, RELOJOARIA PLANA, CLASSE B, HORIZONTAL (SEM CONEXOES) | E75: Material | G75: UN | H75: 1 | I75: 165 | J75: 165
E76: MO sem LS => | F76: 18.07 | G76: LS => | H76: 0 | I76: MO com LS => | J76: 18.07
E77: Valor do BDI => | F77: 39.76 | H77: Valor com BDI => | J77: 230.83
A80: 1.1.7 | B80: Código | C80: Banco | D80: Descrição | E80: Tipo | G80: Und | H80: Quant. | I80: Valor Unit | J80: Total
A81: Composição | B81: 101509 | C81: SINAPI | D81: ENTRADA DE ENERGIA ELÉTRICA, AÉREA, TRIFÁSICA, COM CAIXA DE EMBUTIR, CABO DE 10 MM2 E DISJUNTOR DIN 50A (NÃO INCLUSO O POSTE DE CONCRETO). AF_12/2025 | E81: Instalações Elétricas - Rede de Distribuição | G81: UN | H81: 1 | I81: 2159.79 | J81: 2159.79
A82: Composição Auxiliar | B82: 91885 | C82: SINAPI | D82: LUVA PARA ELETRODUTO, PVC, ROSCÁVEL, DN 32 MM (1"), PARA CIRCUITOS TERMINAIS, INSTALADA EM PAREDE - FORNECIMENTO E INSTALAÇÃO. AF_03/2023 | E82: Instalações Elétricas - Eletrodutos Embutidos, Cabos, Caixas, Tomadas e Interruptores | G82: UN | H82: 1 | I82: 15 | J82: 15
A83: Composição Auxiliar | B83: 91933 | C83: SINAPI | D83: CABO DE COBRE FLEXÍVEL ISOLADO, 10 MM², ANTI-CHAMA 0,6/1,0 KV, PARA CIRCUITOS TERMINAIS - FORNECIMENTO E INSTALAÇÃO. AF_03/2023 | E83: Instalações Elétricas - Eletrodutos Embutidos, Cabos, Caixas, Tomadas e Interruptores | G83: M | H83: 22.2 | I83: 19.21 | J83: 426.46
A84: Composição Auxiliar | B84: 100578 | C84: SINAPI | D84: ASSENTAMENTO DE POSTE DE CONCRETO COM COMPRIMENTO NOMINAL DE 9 M, CARGA NOMINAL MENOR OU IGUAL A 1000 DAN, ENGASTAMENTO SIMPLES COM 1,5 M DE SOLO (NÃO INCLUI FORNECIMENTO). AF_04/2025 | E84: Postes de Concreto e Metálicos | G84: UN | H84: 1 | I84: 668.15 | J84: 668.15
A85: Composição Auxiliar | B85: 96986 | C85: SINAPI | D85: HASTE DE ATERRAMENTO, DIÂMETRO 3/4", COM 3 METROS - FORNECIMENTO E INSTALAÇÃO. AF_08/2023 | E85: Sistema de Proteção contra Descargas Atmosféricas - SPDA | G85: UN | H85: 1 | I85: 133 | J85: 133
A86: Composição Auxiliar | B86: 104749 | C86: SINAPI | D86: CONECTOR GRAMPO METÁLICO TIPO OLHAL, PARA SPDA, PARA HASTE DE ATERRAMENTO DE 3/4'' E CABOS DE 10 A 50 MM2 - FORNECIMENTO E INSTALAÇÃO. AF_08/2023 | E86: Sistema de Proteção contra Descargas Atmosféricas - SPDA | G86: UN | H86: 1 | I86: 22.79 | J86: 22.79
A87: Composição Auxiliar | B87: 93673 | C87: SINAPI | D87: DISJUNTOR TRIPOLAR TIPO DIN, CORRENTE NOMINAL DE 50A - FORNECIMENTO E INSTALAÇÃO. AF_07/2025 | E87: Instalações Elétricas - Quadros, Cabos, Disjuntores, Contatores e Barramentos Blindados | G87: UN | H87: 1 | I87: 97.89 | J87: 97.89
A88: Composição Auxiliar | B88: 87367 | C88: SINAPI | D88: ARGAMASSA TRAÇO 1:1:6 (EM VOLUME DE CIMENTO, CAL E AREIA MÉDIA ÚMIDA) PARA EMBOÇO/MASSA ÚNICA/ASSENTAMENTO DE ALVENARIA DE VEDAÇÃO, PREPARO MANUAL. AF_08/2019 | E88: Argamassas | G88: m³ | H88: 0.0194 | I88: 908.78 | J88: 17.63
A89: Composição Auxiliar | B89: 91872 | C89: SINAPI | D89: ELETRODUTO RÍGIDO ROSCÁVEL, PVC, DN 32 MM (1"), PARA CIRCUITOS TERMINAIS, INSTALADO EM PAREDE - FORNECIMENTO E INSTALAÇÃO. AF_03/2023 | E89: Instalações Elétricas - Eletrodutos Embutidos, Cabos, Caixas, Tomadas e Interruptores | G89: M | H89: 6.05 | I89: 20.1 | J89: 121.6
A90: Composição Auxiliar | B90: 88247 | C90: SINAPI | D90: AUXILIAR DE ELETRICISTA COM ENCARGOS COMPLEMENTARES | E90: Livro SINAPI: Cálculos e Parâmetros | G90: H | H90: 0.5238 | I90: 27.11 | J90: 14.2
A91: Composição Auxiliar | B91: 91919 | C91: SINAPI | D91: CURVA 180 GRAUS PARA ELETRODUTO, PVC, ROSCÁVEL, DN 32 MM (1"), PARA CIRCUITOS TERMINAIS, INSTALADA EM PAREDE - FORNECIMENTO E INSTALAÇÃO. AF_03/2023 | E91: Instalações Elétricas - Eletrodutos Embutidos, Cabos, Caixas, Tomadas e Interruptores | G91: UN | H91: 1 | I91: 25.72 | J91: 25.72
A92: Composição Auxiliar | B92: 88264 | C92: SINAPI | D92: ELETRICISTA COM ENCARGOS COMPLEMENTARES | E92: Livro SINAPI: Cálculos e Parâmetros | G92: H | H92: 2.619 | I92: 34.78 | J92: 91.08
... A103: Insumo | B103: 00014153 | C103: SINAPI | D103: FITA METALICA PERFURADA, L = *18* MM, ROLO DE 30 M, CARGA RECOMENDADA = *30* KGF | E103: Material | G103: UN | H103: 0.06 | I103: 86.69 | J103: 5.2014
E104: MO sem LS => | F104: 441.5 | G104: LS => | H104: 0 | I104: MO com LS => | J104: 441.5
E105: Valor do BDI => | F105: 449.45 | H105: Valor com BDI => | J105: 2609.24
A108: 1.1.8 | B108: Código | C108: Banco | D108: Descrição | E108: Tipo | G108: Und | H108: Quant. | I108: Valor Unit | J108: Total
A109: Composição | B109: 103689 | C109: SINAPI | D109: FORNECIMENTO E INSTALAÇÃO DE PLACA DE OBRA COM CHAPA GALVANIZADA E ESTRUTURA DE MADEIRA. AF_03/2022_PS | E109: Sinalização Vertical Viária | G109: m² | H109: 1 | I109: 449.52 | J109: 449.52
A110: Composição Auxiliar | B110: 102234 | C110: SINAPI | D110: PINTURA IMUNIZANTE PARA MADEIRA, 2 DEMÃOS. AF_01/2021 | E110: Pintura em Madeira | G110: m² | H110: 0.5 | I110: 26.6 | J110: 13.3
A111: Composição Auxiliar | B111: 88316 | C111: SINAPI | D111: SERVENTE COM ENCARGOS COMPLEMENTARES | E111: Livro SINAPI: Cálculos e Parâmetros | G111: H | H111: 1.1186 | I111: 25.81 | J111: 28.87
A112: Composição Auxiliar | B112: 88262 | C112: SINAPI | D112: CARPINTEIRO DE FORMAS COM ENCARGOS COMPLEMENTARES | E112: Livro SINAPI: Cálculos e Parâmetros | G112: H | H112: 0.3729 | I112: 33.68 | J112: 12.55
A113: Insumo | B113: 00005065 | C113: SINAPI | D113: PREGO DE ACO POLIDO COM CABECA 10 X 10 (7/8 X 17) | E113: Material | G113: KG | H113: 0.0113 | I113: 31.04 | J113: 0.350752
A114: Insumo | B114: 00005069 | C114: SINAPI | D114: PREGO DE ACO POLIDO COM CABECA 17 X 27 (2 1/2 X 11) | E114: Material | G114: KG | H114: 0.0132 | I114: 16.63 | J114: 0.219516
A115: Insumo | B115: 00004813 | C115: SINAPI | D115: PLACA DE OBRA (PARA CONSTRUCAO CIVIL) EM CHAPA GALVANIZADA *N. 22*, ADESIVADA, DE *2,4 X 1,2* M (SEM POSTES PARA FIXACAO) | E115: Material | G115: m² | H115: 1 | I115: 377.5 | J115: 377.5
A116: Insumo | B116: 00004509 | C116: SINAPI | D116: SARRAFO *2,5 X 10* CM EM PINUS, MISTA OU EQUIVALENTE DA REGIAO - BRUTA | E116: Material | G116: M | H116: 3.2083 | I116: 5.22 | J116: 16.747326
E117: MO sem LS => | F117: 33.05 | G117: LS => | H117: 0 | I117: MO com LS => | J117: 33.05
E118: Valor do BDI => | F118: 93.54 | H118: Valor com BDI => | J118: 543.06
A121: 1.1.9 | B121: Código | C121: Banco | D121: Descrição | E121: Tipo | G121: Und | H121: Quant. | I121: Valor Unit | J121: Total
A122: Composição | B122: AV 0057 | C122: Próprio | D122: REMOÇÃO DE ENTULHO SEPARADO DE OBRA COM CAÇAMBA METÁLICA - TERRA, ALVENARIA, CONCRETO, ARGAMASSA, MADEIRA, PAPEL, PLÁSTICO OU METAL | E122: CANT - CANTEIRO DE OBRAS | G122: m³ | H122: 1 | I122: 103.67 | J122: 103.67
A123: Composição Auxiliar | B123: 106122 | C123: SINAPI | D123: REMOÇÃO DE ENTULHO CLASSE A (ALVENARIA, CONCRETO, ARGAMASSAS E CERÂMICOS) POR DUTO DE ENTULHO E ACONDICIONAMENTO FINAL EM CAÇAMBA ESTACIONÁRIA. EXCLUSO FRETE. AF_09/2025 | E123: Remoção de Entulho e Descarte | G123: m³ | H123: 1 | I123: 88.19 | J123: 88.19
A124: Composição Auxiliar | B124: 88316 | C124: SINAPI | D124: SERVENTE COM ENCARGOS COMPLEMENTARES | E124: Livro SINAPI: Cálculos e Parâmetros | G124: H | H124: 0.6 | I124: 25.81 | J124: 15.48
E125: MO sem LS => | F125: 65.79 | G125: LS => | H125: 0 | I125: MO com LS => | J125: 65.79
E126: Valor do BDI => | F126: 21.57 | H126: Valor com BDI => | J126: 125.24
A129: 1.1.10 | B129: Código | C129: Banco | D129: Descrição | E129: Tipo | G129: Und | H129: Quant. | I129: Valor Unit | J129: Total
A130: Composição | B130: 98459 | C130: SINAPI | D130: TAPUME COM TELHA METÁLICA. AF_03/2024 | E130: Instalações para Canteiros de Obras | G130: m² | H130: 1 | I130: 95.06 | J130: 95.06
A131: Composição Auxiliar | B131: 88262 | C131: SINAPI | D131: CARPINTEIRO DE FORMAS COM ENCARGOS COMPLEMENTARES | E131: Livro SINAPI: Cálculos e Parâmetros | G131: H | H131: 0.735 | I131: 33.68 | J131: 24.75
...

Sheet CURVA ABC
C1: Obra | D1: B.D.I. | G1: Encargos Sociais
C2: =DADOS!B8 -> Construção de Centro de Atenção Psicossocial Tipo I, no Município de PORTO SEGURO/BA | D2: =DADOS!B10 -> 0.2081 | G2: ='ORÇAMENTO ANALÍTICO'!I2 -> Não Desonerado: embutido nos preços unitário dos insumos de mão de obra, de acordo com as bases.
A6: CURVA ABC DE SERVIÇOS
A8: Código | B8: Banco | C8: Descrição | D8: Und | E8: Quant. | F8: Valor Unit | G8: Total | H8: Peso (%) | I8: Peso Acum. (%)
A9: 100781 | B9: PROPRIO | C9: ADMINISTRAÇÃO LOCAL | D9: H | E9: ='ORÇAMENTO SINTÉTICO'!F20 -> 600 | F9: ='ORÇAMENTO SINTÉTICO'!H20 -> 289.19498 | G9: =F9*E9 -> 173516.99 | H9: =G9/$G$380 -> 0.058030099 | I9: =H9 -> 0.058030099
A10: ='ORÇAMENTO SINTÉTICO'!B472 -> AV 0401 | B10: PROPRIO | C10: Sistema completo de energia solar fotovoltaica, potência 30,25Kwp, composta por 55 módulos - JA Solar 550W (placas coletoras), área necessária para a instalação do sistema 195,00m2, monitoramento em tempo real via APP, produção esperada de 3.723 Kwh/mês - 44.678Kwh/ano, conforme projeto, instalado (und=módulo) | D10: un | E10: 1 | F10: ='ORÇAMENTO SINTÉTICO'!H472 -> 150031.64 | G10: =F10*E10 -> 150031.64 | H10: =G10/$G$380 -> 0.050175786 | I10: =H10+I9 -> 0.10820589
A11: 103324 | B11: SINAPI | C11: ALVENARIA DE VEDAÇÃO DE BLOCOS CERÂMICOS FURADOS NA VERTICAL DE 14X19X39 CM (ESPESSURA 14 CM) E ARGAMASSA DE ASSENTAMENTO COM PREPARO EM BETONEIRA. AF_12/2021 | D11: m² | E11: 888.77 | F11: 110.25 | G11: 97986.89 | H11: =G11/$G$380 -> 0.032770215 | I11: =H11+I10 -> 0.1409761
A12: AV 0066 | B12: Próprio | C12: Laje pré-fabricada unidirecional em viga treliçada/lajota em EPS LT 16 (12 + 4), exceto capa de concreto | D12: m² | E12: 539.41 | F12: 139.94 | G12: 75485.03 | H12: =G12/$G$380 -> 0.025244812 | I12: =H12+I11 -> 0.16622091
A13: AV 0357 | B13: Próprio | C13: RESERVATÓRIO METÁLICO TIPO TAÇA 25000L H <= 10M DE ALTURA - FORNECIMENTO E INSTALAÇÃO | D13: UN | E13: 1 | F13: 69839.46 | G13: 69839.46 | H13: =G13/$G$380 -> 0.023356738 | I13: =H13+I12 -> 0.18957765
A14: 94995 | B14: SINAPI | C14: EXECUÇÃO DE PASSEIO (CALÇADA) OU PISO DE CONCRETO COM CONCRETO MOLDADO IN LOCO, USINADO, ACABAMENTO CONVENCIONAL, ESPESSURA 8 CM, ARMADO. AF_08/2022 | D14: m² | E14: 568.25 | F14: 117.69 | G14: 66877.34 | H14: =G14/$G$380 -> 0.022366102 | I14: =H14+I13 -> 0.21194375
A15: 104958 | B15: SINAPI | C15: MASSA ÚNICA, EM ARGAMASSA TRAÇO 1:2:8 PREPARO MECÂNICO, APLICADA MANUALMENTE EM PAREDES INTERNAS DE AMBIENTES COM ÁREA MAIOR QUE 10M², E = 10MM, COM TALISCAS. AF_03/2024 | D15: m² | E15: 1591.19 | F15: 36.91 | G15: 58730.82 | H15: =G15/$G$380 -> 0.019641623 | I15: =H15+I14 -> 0.23158538
A16: 96557 | B16: SINAPI | C16: CONCRETAGEM DE BLOCO DE COROAMENTO OU VIGA BALDRAME, FCK 30 MPA, COM USO DE BOMBA - LANÇAMENTO, ADENSAMENTO E ACABAMENTO. AF_01/2024 | D16: m³ | E16: 54.3 | F16: 1010.64 | G16: 54877.75 | H16: =G16/$G$380 -> 0.018353023 | I16: =H16+I15 -> 0.2499384
A17: AV 0006 | B17: Próprio | C17: CONCRETAGEM DE VIGAS E LAJES, FCK=30 MPA, PARA LAJES MACIÇAS OU NERVURADAS COM USO DE BOMBA - LANÇAMENTO, ADENSAMENTO E ACABAMENTO. | D17: m³ | E17: 57.9 | F17: 942 | G17: 54541.8 | H17: =G17/$G$380 -> 0.01824067 | I17: =H17+I16 -> 0.26817907
A18: 96114 | B18: SINAPI | C18: FORRO EM DRYWALL, PARA AMBIENTES COMERCIAIS, INCLUSIVE ESTRUTURA BIRECIONAL DE FIXAÇÃO. AF_08/2023_PS | D18: m² | E18: 502.19 | F18: 106.16 | G18: 53312.49 | H18: =G18/$G$380 -> 0.017829546 | I18: =H18+I17 -> 0.28600862
A19: AV 0347 | B19: Próprio | C19: PORTAO DE CORRER EM ALUMINIO PINTURA ELETROSTATICA BRANCA | D19: m² | E19: 44.5 | F19: 1150.37 | G19: 51191.46 | H19: =G19/$G$380 -> 0.0171202 | I19: =H19+I18 -> 0.30312882
A20: AV 0256 | B20: Próprio | C20: DUTO PARA EXAUSTAO DE AR/VENTILACAO,CHAVETADO EM CHAPA DE AC O GALVANIZADO,NAS DIVERSAS BITOLAS,CONFORME ABNT NBR 16401,I NCLUSIVE SUPORTES PINTADOS,GRELHAS,DIFUSORES EM ALUMINIO EXT RUDADO E DEMAIS ITENS NECESSARIOS.FORNECIMENTO E COLOCACAO | D20: KG | E20: 750 | F20: 64.07 | G20: 48052.5 | H20: =G20/$G$380 -> 0.016070423 | I20: =H20+I19 -> 0.31919924
A21: 101792 | B21: SINAPI | C21: ESCORAMENTO DE FÔRMAS DE LAJE EM MADEIRA NÃO APARELHADA, PÉ-DIREITO SIMPLES, INCLUSO TRAVAMENTO, 4 UTILIZAÇÕES. AF_09/2020 | D21: m³ | E21: 1914.91 | F21: 23.83 | G21: 45632.3 | H21: =G21/$G$380 -> 0.015261024 | I21: =H21+I20 -> 0.33446026
A22: 96534 | B22: SINAPI | C22: FABRICAÇÃO, MONTAGEM E DESMONTAGEM DE FÔRMA PARA BLOCO DE COROAMENTO, EM MADEIRA SERRADA, E=25 MM, 4 UTILIZAÇÕES. AF_01/2024 | D22: m² | E22: 403.5 | F22: 113.04 | G22: 45611.64 | H22: =G22/$G$380 -> 0.015254115 | I22: =H22+I21 -> 0.34971438
A23: AV 0096 | B23: Próprio | C23: PISO ALTA RESISTENCIA, COLORIDO, E=10MM, APLICADO COM JUNTAS, POLIDO ATÉ O ESMERIL 400 E ENCERADO | D23: m² | E23: 457.67 | F23: 96.28 | G23: 44064.46 | H23: =G23/$G$380 -> 0.014736684 | I23: =H23+I22 -> 0.36445106
A24: AV 0338 | B24: Próprio | C24: LOCAÇÃO DE CONTAINER - BANHEIRO COM CHUVEIROS E VASOS - 4,30 X 2,30M | D24: mês | E24: 14 | F24: 2983.43 | G24: 41768.02 | H24: =G24/$G$380 -> 0.013968675 | I24: =H24+I23 -> 0.37841974
A25: 94991 | B25: SINAPI | C25: EXECUÇÃO DE PASSEIO (CALÇADA) OU PISO DE CONCRETO COM CONCRETO MOLDADO IN LOCO, USINADO C20, ACABAMENTO CONVENCIONAL, NÃO ARMADO. AF_08/2022 | D25: m³ | E25: 40.45 | F25: 1020.32 | G25: 41271.94 | H25: =G25/$G$380 -> 0.013802768 | I25: =H25+I24 -> 0.3922225
A26: 98459 | B26: SINAPI | C26: TAPUME COM TELHA METÁLICA. AF_03/2024 | D26: m² | E26: 325.6 | F26: 114.84 | G26: 37391.9 | H26: =G26/$G$380 -> 0.012505148 | I26: =H26+I25 -> 0.40472765
A27: AV 0062 | B27: Próprio | C27: CONTROLE TECNOLOGICO DE CONCRETOS | D27: m³ | E27: 126.4 | F27: 275.67 | G27: 34844.68 | H27: =G27/$G$380 -> 0.01165327 | I27: =H27+I26 -> 0.41638092
A28: 92460 | B28: SINAPI | C28: MONTAGEM E DESMONTAGEM DE FÔRMA DE VIGA, ESCORAMENTO METÁLICO, PÉ-DIREITO SIMPLES, EM CHAPA DE MADEIRA RESINADA, 6 UTILIZAÇÕES. AF_09/2020 | D28: m² | E28: 205.1 | F28: 168.71 | G28: 34602.42 | H28: =G28/$G$380 -> 0.01157225 | I28: =H28+I27 -> 0.42795317
A29: 104611 | B29: SINAPI | C29: REVESTIMENTO CERÂMICO PARA PAREDES INTERNAS COM PLACAS TIPO ESMALTADA DE DIMENSÕES 60X60 CM APLICADAS NA ALTURA INTEIRA DAS PAREDES. AF_02/2023_PE | D29: m² | E29: 300.48 | F29: 107.4 | G29: 32271.55 | H29: =G29/$G$380 -> 0.010792726 | I29: =H29+I28 -> 0.4387459
A30: AV 0051 | B30: Próprio | C30: LOCAÇÃO DE CONTAINER TIPO DEPÓSITO - ÁREA MÍNIMA DE 13,80 M2 | D30: UNXMES | E30: 14 | F30: 2178.78 | G30: 30502.92 | H30: =G30/$G$380 -> 0.010201235 | I30: =H30+I29 -> 0.44894713
A31: 94229 | B31: SINAPI | C31: CALHA EM CHAPA DE AÇO GALVANIZADO NÚMERO 24, DESENVOLVIMENTO DE 100 CM, INCLUSO TRANSPORTE VERTICAL. AF_07/2019 | D31: M | E31: 154.4 | F31: 197.34 | G31: 30469.29 | H31: =G31/$G$380 -> 0.010189987 | I31: =H31+I30 -> 0.45913712
A32: 94207 | B32: SINAPI | C32: TELHAMENTO COM TELHA ONDULADA DE FIBROCIMENTO E = 6 MM, COM RECOBRIMENTO LATERAL DE 1/4 DE ONDA PARA TELHADO COM INCLINAÇÃO MAIOR QUE 10°, COM ATÉ 2 ÁGUAS, INCLUSO IÇAMENTO. AF_07/2019 | D32: m² | E32: 490.12 | F32: 58.84 | G32: 28838.66 | H32: =G32/$G$380 -> 0.0096446483 | I32: =H32+I31 -> 0.46878177
A33: 91835 | B33: SINAPI | C33: ELETRODUTO FLEXÍVEL CORRUGADO REFORÇADO, PVC, DN 25 MM (3/4"), PARA CIRCUITOS TERMINAIS, INSTALADO EM FORRO - FORNECIMENTO E INSTALAÇÃO. AF_03/2023 | D33: M | E33: 1118.7 | F33: 25.47 | G33: 28493.28 | H33: =G33/$G$380 -> 0.0095291412 | I33: =H33+I32 -> 0.47831091
A34: AV 0389 | B34: Próprio | C34: EXAUSTOR CENTRIFUGO SIROCO TRIFASICO MODELO EC4-TN | D34: UN | E34: 3 | F34: 9492.59 | G34: 28477.77 | H34: =G34/$G$380 -> 0.0095239541 | I34: =H34+I33 -> 0.48783486
A35: AV 0095 | B35: Próprio | C35: REGULARIZAÇÃO DE BASE PARA REVEST. DE PISOS COM ARG. TRAÇO T4, ESP. MÉDIA = 2,5CM | D35: m² | E35: 568.25 | F35: 49.32 | G35: 28026.09 | H35: =G35/$G$380 -> 0.0093728967 | I35: =H35+I34 -> 0.49720776
A36: AV 0375 | B36: Próprio | C36: QUADRO GERAL DE DISTRIBUIÇÃO, EMBUTIR, COM BARRAMENTO, EM CHAPA DE AÇO, MEDINDO:1800X1100X250CM, EXCLUSIVE DISJUNTORES | D36: UN | E36: 2 | F36: 12595.34 | G36: 25190.68 | H36: =G36/$G$380 -> 0.0084246372 | I36: =H36+I35 -> 0.5056324
A37: 91926 | B37: SINAPI | C37: CABO DE COBRE FLEXÍVEL ISOLADO, 2,5 MM², ANTI-CHAMA 450/750 V, PARA CIRCUITOS TERMINAIS - FORNECIMENTO E INSTALAÇÃO. AF_03/2023 | D37: M | E37: 4032.9 | F37: 6.23 | G37: 25124.96 | H37: =G37/$G$380 -> 0.0084026582 | I37: =H37+I36 -> 0.51403506
A38: 98557 | B38: SINAPI | C38: IMPERMEABILIZAÇÃO DE SUPERFÍCIE COM EMULSÃO ASFÁLTICA, 2 DEMÃOS. AF_09/2023 | D38: m² | E38: 403.5 | F38: 60.23 | G38: 24302.8 | H38: =G38/$G$380 -> 0.0081276993 | I38: =H38+I37 -> 0.52216275
A39: AV 0133 | B39: Próprio | C39: TUBO DE PVC RÍGIDO PXB COM VIROLA E ANEL DE BORRACHA, LINHA ESGOTO SÉRIE REFORÇADA ´R´, DN= 100 MM, INCLUSIVE CONEXÕES | D39: M | E39: 180.93 | F39: 131.59 | G39: 23808.57 | H39: =G39/$G$380 -> 0.0079624117 | I39: =H39+I38 -> 0.53012517
A40: 88495 | B40: SINAPI | C40: EMASSAMENTO COM MASSA LÁTEX, APLICAÇÃO EM PAREDE, UMA DEMÃO, LIXAMENTO MANUAL. AF_04/2023 | D40: m² | E40: 1442.83 | F40: 15.66 | G40: 22594.71 | H40: =G40/$G$380 -> 0.0075564548 | I40: =H40+I39 -> 0.53768162
A41: AV 0340 | B41: Próprio | C41: COBOGO DE CIMENTO (ELEMENTO VAZADO, CIRCULAR), 30 X 30 X 5CM, ASSENTADO COM ARGAMASSA DE CIMENTO E AREIA | D41: m² | E41: 76.23 | F41: 296.32 | G41: 22588.47 | H41: =G41/$G$380 -> 0.0075543679 | I41: =H41+I40 -> 0.54523599
A42: AV 0012 | B42: Próprio | C42: PAREDE COM SISTEMA EM CHAPAS DE GESSO RU PARA DRYWALL COM ISOLAMENTO ACUSTICO, USO INTERNO, COM DUAS FACES SIMPLES E ESTRUTURA METÁLICA COM GUIAS SIMPLES PARA PAREDES COM ÁREA LÍQUIDA MAIOR OU IGUAL A 6 M2, COM VÃOS. | D42: m² | E42: 91.66 | F42: 244.78 | G42: 22436.53 | H42: =G42/$G$380 -> 0.0075035539 | I42: =H42+I41 -> 0.55273954
A43: 92423 | B43: SINAPI | C43: MONTAGEM E DESMONTAGEM DE FÔRMA DE PILARES RETANGULARES E ESTRUTURAS SIMILARES, PÉ-DIREITO SIMPLES, EM CHAPA DE MADEIRA COMPENSADA RESINADA, 6 UTILIZAÇÕES. AF_09/2020 | D43: m² | E43: 231.1 | F43: 96.9 | G43: 22393.59 | H43: =G43/$G$380 -> 0.0074891933 | I43: =H43+I42 -> 0.56022874
A44: 87905 | B44: SINAPI | C44: CHAPISCO APLICADO EM ALVENARIA (COM PRESENÇA DE VÃOS) E ESTRUTURAS DE CONCRETO DE FACHADA, COM COLHER DE PEDREIRO. ARGAMASSA TRAÇO 1:3 COM PREPARO EM BETONEIRA 400L. AF_10/2022 | D44: m² | E44: 1777.54 | F44: 12.25 | G44: 21774.86 | H44: =G44/$G$380 -> 0.0072822685 | I44: =H44+I43 -> 0.567511
A45: 96545 | B45: SINAPI | C45: ARMAÇÃO DE BLOCO UTILIZANDO AÇO CA-50 DE 8 MM - MONTAGEM. AF_01/2024 | D45: KG | E45: 1092.4 | F45: 19.6 | G45: 21411.04 | H45: =G45/$G$380 -> 0.0071605945 | I45: =H45+I44 -> 0.5746716
A46: AV 0348 | B46: Próprio | C46: PORTA DE ALUMÍNIO ANODIZADO COM VIDRO, 3 FOLHAS, ABERTURA DE CORRER | D46: m² | E46: 8.74 | F46: 2430.68 | G46: 21244.14 | H46: =G46/$G$380 -> 0.0071047773 | I46: =H46+I45 -> 0.58177638
A47: AV 0343 | B47: Próprio | C47: PORTA COMPLETA MADEIRA 2,20m CORRER COM FERRAGENS | D47: m² | E47: 7.98 | F47: 2593.87 | G47: 20699.08 | H47: =G47/$G$380 -> 0.0069224904 | I47: =H47+I46 -> 0.58869887
A48: 92992 | B48: SINAPI | C48: CABO DE COBRE FLEXÍVEL ISOLADO, 95 MM², ANTI-CHAMA 0,6/1,0 KV, PARA REDE ENTERRADA DE DISTRIBUIÇÃO DE ENERGIA ELÉTRICA - FORNECIMENTO E INSTALAÇÃO. AF_12/2021 | D48: M | E48: 137.6 | F48: 142.88 | G48: 19660.28 | H48: =G48/$G$380 -> 0.0065750796 | I48: =H48+I47 -> 0.59527395
A49: 90844 | B49: SINAPI | C49: KIT DE PORTA DE MADEIRA PARA PINTURA, SEMI-OCA (LEVE OU MÉDIA), PADRÃO MÉDIO, 90X210CM, ESPESSURA DE 3,5CM, ITENS INCLUSOS: DOBRADIÇAS, MONTAGEM E INSTALAÇÃO DO BATENTE, FECHADURA COM EXECUÇÃO DO FURO - FORNECIMENTO E INSTALAÇÃO. AF_10/2025 | D49: UN | E49: 12 | F49: 1636.67 | G49: 19640.04 | H49: =G49/$G$380 -> 0.0065683107 | I49: =H49+I48 -> 0.60184226
A50: AV 0377 | B50: Próprio | C50: LUMINARIA TIPO PLAFON COM PAINEL LED, 40X40CM, EMBUTIR, POTENCIA DE 36W, 4000K, LUZ NEUTRA, ELGIN OU SIMILAR - FORNECIMENTO E INSTALACAO | D50: UN | E50: 71 | F50: 274.91 | G50: 19518.61 | H50: =G50/$G$380 -> 0.0065277002 | I50: =H50+I49 -> 0.60836996
A51: 104641 | B51: SINAPI | C51: PINTURA LÁTEX ACRÍLICA ECONÔMICA, APLICAÇÃO MANUAL EM PAREDES, DUAS DEMÃOS. AF_04/2023 | D51: m² | E51: 1442.83 | F51: 13.38 | G51: 19305.06 | H51: =G51/$G$380 -> 0.0064562817 | I51: =H51+I50 -> 0.61482624
A52: AV 0055 | B52: Próprio | C52: BARRACAO PARA REFEITORIO EM OBRAS EM COMPENSADO | D52: m² | E52: 13 | F52: 1458.43 | G52: 18959.59 | H52: =G52/$G$380 -> 0.0063407446 | I52: =H52+I51 -> 0.62116698
A53: 102257 | B53: SINAPI | C53: DIVISORIA SANITÁRIA, EM PAINEL DE GRANILITE, ESP = 3CM, ASSENTADO COM ARGAMASSA COLANTE AC III-E. AF_10/2025 | D53: m² | E53: 36.38 | F53: 500.02 | G53: 18190.72 | H53: =G53/$G$380 -> 0.0060836078 | I53: =H53+I52 -> 0.62725059
A54: AV 0342 | B54: Próprio | C54: PAREDE COM SISTEMA EM CHAPAS DE GESSO ST PARA DRYWALL COM ISOLAMENTO ACUSTICO, USO INTERNO, COM DUAS FACES DUPLAS E ESTRUTURA METÁLICA COM GUIAS DUPLAS PARA PAREDES COM ÁREA LÍQUIDA MAIOR OU IGUAL A 6 M2, COM VÃOS. | D54: m² | E54: 50.5 | F54: 356.54 | G54: 18005.27 | H54: =G54/$G$380 -> 0.0060215869 | I54: =H54+I53 -> 0.63327218
A55: 98555 | B55: SINAPI | C55: IMPERMEABILIZAÇÃO DE SUPERFÍCIE COM ARGAMASSA POLIMÉRICA / MEMBRANA ACRÍLICA, 3 DEMÃOS. AF_09/2023 | D55: m² | E55: 416.29 | F55: 43.06 | G55: 17925.44 | H55: =G55/$G$380 -> 0.0059948889 | I55: =H55+I54 -> 0.63926707
A56: 98556 | B56: SINAPI | C56: IMPERMEABILIZAÇÃO DE SUPERFÍCIE COM ARGAMASSA POLIMÉRICA / MEMBRANA ACRÍLICA, 4 DEMÃOS, REFORÇADA COM VÉU DE POLIÉSTER (MAV). AF_09/2023 | D56: m² | E56: 222.3 | F56: 79.25 | G56: 17617.27 | H56: =G56/$G$380 -> 0.0058918262 | I56: =H56+I55 -> 0.64515889
A57: AV 0057 | B57: Próprio | C57: REMOÇÃO DE ENTULHO SEPARADO DE OBRA COM CAÇAMBA METÁLICA - TERRA, ALVENARIA, CONCRETO, ARGAMASSA, MADEIRA, PAPEL, PLÁSTICO OU METAL | D57: m³ | E57: 140 | F57: 125.24 | G57: 17533.6 | H57: =G57/$G$380 -> 0.005863844 | I57: =H57+I56 -> 0.65102274
A58: AV 0243 | B58: Próprio | C58: CABO DE COBRE NU MEIO DURO 7 FIOS 35MM2 | D58: M | E58: 307 | F58: 56.18 | G58: 17247.26 | H58: =G58/$G$380 -> 0.005768082 | I58: =H58+I57 -> 0.65679082
A59: AV 0007 | B59: Próprio | C59: PAREDE COM SISTEMA EM CHAPAS DE GESSO RU PARA DRYWALL, USO INTERNO, COM DUAS FACES SIMPLES E ESTRUTURA METÁLICA COM GUIAS SIMPLES PARA PAREDES COM ÁREA LÍQUIDA MAIOR OU IGUAL A 6 M2, COM VÃOS. AF_07/2023_PS | D59: m² | E59: 107.07 | F59: 159.43 | G59: 17070.17 | H59: =G59/$G$380 -> 0.005708857 | I59: =H59+I58 -> 0.66249968
A60: AV 0379 | B60: Próprio | C60: LUMINÁRIA DE EMBUTIR DE LED RETANGULAR, DIMENSÃO DE 60X20CM OU EQUIVALENTE. CORPO FABRICADO EM ALUMÍNIO COM ACABAMENTO EM PINTURA ELETROSTÁTICA NA COR BRANCO OU SIMILAR. FIXADA ATRAVÉS DE PRESILHAS PARA GESSO. MONTADA COM LED INTEGRADO DE ALTA PERFORMANCE 24W BRANCO NEUTRO OU BRANCO FRIO 4500K - 6500K E DRIVER BIVOLT. | D60: UN | E60: 19 | F60: 877.28 | G60: 16668.32 | H60: =G60/$G$380 -> 0.0055744644 | I60: =H60+I59 -> 0.66807414
A61: 101801 | B61: SINAPI | C61: CAIXA COM GRELHA RETANGULAR DE FERRO FUNDIDO, EM ALVENARIA COM BLOCOS DE CONCRETO, DIMENSÕES INTERNAS: 0,30 X 1,00 X 1,00. AF_12/2020 | D61: UN | E61: 11 | F61: 1497.81 | G61: 16475.91 | H61: =G61/$G$380 -> 0.0055101158 | I61: =H61+I60 -> 0.67358426
A62: AV 0016 | B62: Próprio | C62: PRESSURIZADOR DE ÁGUA MAX PRESS 270 VF MONOFASICO 220V | D62: UN | E62: 1 | F62: 16265.35 | G62: 16265.35 | H62: =G62/$G$380 -> 0.0054396973 | I62: =H62+I61 -> 0.67902395
A63: AV 0387 | B63: Próprio | C63: BARRA ROSCADA BICROMATIZADA Ø 3/8" X 3000MM | D63: UN | E63: 140 | F63: 115.08 | G63: 16111.2 | H63: =G63/$G$380 -> 0.0053881441 | I63: =H63+I62 -> 0.6844121
A64: AV 0089 | B64: Próprio | C64: ARREMATE/ALIZAR ALUMINIO PINTURA ELETROST 0,80x2,10m | D64: M | E64: 106.6 | F64: 149.85 | G64: 15974.01 | H64: =G64/$G$380 -> 0.0053422631 | I64: =H64+I63 -> 0.68975436
A65: 92543 | B65: SINAPI | C65: TRAMA DE MADEIRA COMPOSTA POR TERÇAS PARA TELHADOS DE ATÉ 2 ÁGUAS PARA TELHA ONDULADA DE FIBROCIMENTO, METÁLICA, PLÁSTICA OU TERMOACÚSTICA, INCLUSO TRANSPORTE VERTICAL. AF_10/2025 | D65: m² | E65: 490.12 | F65: 32.43 | G65: 15894.59 | H65: =G65/$G$380 -> 0.0053157022 | I65: =H65+I64 -> 0.69507006
A66: 100383 | B66: SINAPI | C66: FABRICAÇÃO E INSTALAÇÃO DE PONTALETES DE MADEIRA NÃO APARELHADA PARA TELHADOS COM ATÉ 2 ÁGUAS E COM TELHA ONDULADA DE FIBROCIMENTO, ALUMÍNIO OU PLÁSTICA EM EDIFÍCIO RESIDENCIAL DE MÚLTIPLOS PAVIMENTOS, INCLUSO TRANSPORTE VERTICAL. AF_10/2025 | D66: m² | E66: 490.12 | F66: 32.35 | G66: 15855.38 | H66: =G66/$G$380 -> 0.0053025891 | I66: =H66+I65 -> 0.70037265
A67: AV 0101 | B67: Próprio | C67: TAMPO/BANCADA EM GRANITO BRANCO SIENA, E=2CM | D67: m² | E67: 19.02 | F67: 822.74 | G67: 15648.51 | H67: =G67/$G$380 -> 0.0052334046 | I67: =H67+I66 -> 0.70560606
A68: 100324 | B68: SINAPI | C68: LASTRO COM MATERIAL GRANULAR (PEDRA BRITADA N.1 E PEDRA BRITADA N.2), APLICADO EM PISOS OU LAJES SOBRE SOLO, ESPESSURA DE *10 CM*. AF_01/2024 | D68: m³ | E68: 60.58 | F68: 252.87 | G68: 15318.86 | H68: =G68/$G$380 -> 0.0051231582 | I68: =H68+I67 -> 0.71072921
A69: 88494 | B69: SINAPI | C69: EMASSAMENTO COM MASSA LÁTEX, APLICAÇÃO EM TETO, UMA DEMÃO, LIXAMENTO MANUAL. AF_04/2023 | D69: m² | E69: 502.19 | F69: 29.55 | G69: 14839.71 | H69: =G69/$G$380 -> 0.0049629138 | I69: =H69+I68 -> 0.71569213
A70: 94569 | B70: SINAPI | C70: JANELA DE ALUMÍNIO TIPO MAXIM-AR, BATENTE/ REQUADRO 3 A 14 CM, VIDRO INCLUSO, FIXAÇÃO COM PARAFUSO, SEM GUARNIÇÃO/ ALIZAR, DIMENSÕES 60X80 (A X L) CM, SEM ACABAMENTO, VEDAÇÃO COM SILICONE, EXCLUSIVE CONTRAMARCO - FORNECIMENTO E INSTALAÇÃO. AF_11/2024 | D70: m² | E70: 28.64 | F70: 499.7 | G70: 14311.4 | H70: =G70/$G$380 -> 0.0047862286 | I70: =H70+I69 -> 0.72047836
A71: AV 0339 | B71: Próprio | C71: FORNECIMENTO E INSTALAÇÃO DE TELA AÇO SOLDADA NERVURADA CA-60, MALHA 20X20CM,FERRO 3.4MM, PAINEL 2X3M, (0,72KG/M²), MALHA POP LEVE GERDAU OU SIMILAR | D71: m² | E71: 631.11 | F71: 22.56 | G71: 14237.84 | H71: =G71/$G$380 -> 0.0047616276 | I71: =H71+I70 -> 0.72523998
A72: 96130 | B72: SINAPI | C72: APLICAÇÃO MANUAL DE MASSA ACRÍLICA EM PAREDES EXTERNAS DE CASAS, UMA DEMÃO. AF_03/2024 | D72: m² | E72: 553.81 | F72: 25.5 | G72: 14122.15 | H72: =G72/$G$380 -> 0.0047229368 | I72: =H72+I71 -> 0.72996292
A73: AV 0350 | B73: Próprio | C73: FECHADURA COM MAÇANETA TIPO ALAVANCA EM AÇO INOXIDÁVEL, PARA PORTA EXTERNA | D73: UN | E73: 21 | F73: 666.23 | G73: 13990.83 | H73: =G73/$G$380 -> 0.0046790189 | I73: =H73+I72 -> 0.73464194
A74: 91341 | B74: SINAPI | C74: PORTA EM ALUMÍNIO DE ABRIR TIPO VENEZIANA COM GUARNIÇÃO, FIXAÇÃO COM PARAFUSOS - FORNECIMENTO E INSTALAÇÃO. AF_10/2025 | D74: m² | E74: 24.23 | F74: 573.6 | G74: 13898.32 | H74: =G74/$G$380 -> 0.0046480803 | I74: =H74+I73 -> 0.73929002
A75: AV 0005 | B75: Próprio | C75: CONCRETAGEM DE PILARES, FCK = 30 MPA, COM USO DE BOMBA - LANÇAMENTO, ADENSAMENTO E ACABAMENTO. AF_02/2022_PS | D75: m³ | E75: 14.2 | F75: 940.25 | G75: 13351.55 | H75: =G75/$G$380 -> 0.0044652215 | I75: =H75+I74 -> 0.74375524
A76: 96546 | B76: SINAPI | C76: ARMAÇÃO DE BLOCO UTILIZANDO AÇO CA-50 DE 10 MM - MONTAGEM. AF_01/2024 | D76: KG | E76: 787.4 | F76: 16.81 | G76: 13236.19 | H76: =G76/$G$380 -> 0.0044266411 | I76: =H76+I75 -> 0.74818188
A77: 91924 | B77: SINAPI | C77: CABO DE COBRE FLEXÍVEL ISOLADO, 1,5 MM², ANTI-CHAMA 450/750 V, PARA CIRCUITOS TERMINAIS - FORNECIMENTO E INSTALAÇÃO. AF_03/2023 | D77: M | E77: 3065.4 | F77: 4.3 | G77: 13181.22 | H77: =G77/$G$380 -> 0.0044082572 | I77: =H77+I76 -> 0.75259014
A78: AV 0197 | B78: Próprio | C78: ELETROCALHA PERFURADA TIPO ""U"" 100X100 CHAPA 22 SEM TAMPA | D78: M | E78: 88.6 | F78: 142.27 | G78: 12605.12 | H78: =G78/$G$380 -> 0.0042155894 | I78: =H78+I77 -> 0.75680573
A79: 90843 | B79: SINAPI | C79: KIT DE PORTA DE MADEIRA PARA PINTURA, SEMI-OCA (LEVE OU MÉDIA), PADRÃO MÉDIO, 80X210CM, ESPESSURA DE 3,5CM, ITENS INCLUSOS: DOBRADIÇAS, MONTAGEM E INSTALAÇÃO DO BATENTE, FECHADURA COM EXECUÇÃO DO FURO - FORNECIMENTO E INSTALAÇÃO. AF_10/2025 | D79: UN | E79: 8 | F79: 1532.55 | G79: 12260.4 | H79: =G79/$G$380 -> 0.004100303 | I79: =H79+I78 -> 0.76090603
A80: 92762 | B80: SINAPI | C80: ARMAÇÃO DE PILAR OU VIGA DE ESTRUTURA CONVENCIONAL DE CONCRETO ARMADO UTILIZANDO AÇO CA-50 DE 10,0 MM - MONTAGEM. AF_06/2022 | D80: KG | E80: 954.9 | F80: 12.46 | G80: 11898.05 | H80: =G80/$G$380 -> 0.0039791206 | I80: =H80+I79 -> 0.76488515
A81: 89356 | B81: SINAPI | C81: TUBO, PVC, SOLDÁVEL, DE 25MM, INSTALADO EM RAMAL OU SUB-RAMAL DE ÁGUA - FORNECIMENTO E INSTALAÇÃO. AF_06/2022 | D81: M | E81: 353.06 | F81: 32.87 | G81: 11605.08 | H81: =G81/$G$380 -> 0.0038811413 | I81: =H81+I80 -> 0.7687663
A82: 92759 | B82: SINAPI | C82: ARMAÇÃO DE PILAR OU VIGA DE ESTRUTURA CONVENCIONAL DE CONCRETO ARMADO UTILIZANDO AÇO CA-60 DE 5,0 MM - MONTAGEM. AF_06/2022 | D82: KG | E82: 622.6 | F82: 17.22 | G82: 10721.17 | H82: =G82/$G$380 -> 0.0035855311 | I82: =H82+I81 -> 0.77235183
A83: 96543 | B83: SINAPI | C83: ARMAÇÃO DE BLOCO UTILIZANDO AÇO CA-60 DE 5 MM - MONTAGEM. AF_01/2024 | D83: KG | E83: 415.5 | F83: 25.74 | G83: 10694.97 | H83: =G83/$G$380 -> 0.003576769 | I83: =H83+I82 -> 0.7759286
A84: 95305 | B84: SINAPI | C84: TEXTURA ACRÍLICA, APLICAÇÃO MANUAL EM PAREDE, UMA DEMÃO. AF_04/2023 | D84: m² | E84: 553.81 | F84: 19.25 | G84: 10660.84 | H84: =G84/$G$380 -> 0.0035653547 | I84: =H84+I83 -> 0.77949395
A85: 93191 | B85: SINAPI | C85: VERGA MOLDADA IN LOCO COM UTILIZAÇÃO DE BLOCOS CANALETA, ESPESSURA DE *20* CM. AF_03/2024 | D85: M | E85: 114.15 | F85: 92.27 | G85: 10532.62 | H85: =G85/$G$380 -> 0.0035224735 | I85: =H85+I84 -> 0.78301642
A86: AV 0244 | B86: Próprio | C86: CABO DE COBRE NU MEIO DURO 7 FIOS 50MM2 | D86: M | E86: 132 | F86: 78.91 | G86: 10416.12 | H86: =G86/$G$380 -> 0.0034835118 | I86: =H86+I85 -> 0.78649994
A87: 86932 | B87: SINAPI | C87: BACIA SANITÁRIA COM CAIXA ACOPLADA LOUÇA BRANCA - PADRÃO MÉDIO, INCLUSO ENGATE FLEXÍVEL EM METAL CROMADO, 1/2" X 40 CM - FORNECIMENTO E INSTALAÇÃO. AF_02/2026 | D87: UN | E87: 14 | F87: 734.64 | G87: 10284.96 | H87: =G87/$G$380 -> 0.0034396474 | I87: =H87+I86 -> 0.78993958
A88: 97361 | B88: SINAPI | C88: QUADRO DE MEDIÇÃO GERAL DE ENERGIA COM 16 MEDIDORES - FORNECIMENTO E INSTALAÇÃO. AF_07/2025 | D88: UN | E88: 1 | F88: 10216.8 | G88: 10216.8 | H88: =G88/$G$380 -> 0.0034168523 | I88: =H88+I87 -> 0.79335643
A89: AV 0439 | B89: Próprio | C89: (Cópia SINAPI 92981) - CABO DE COBRE FLEXÍVEL ISOLADO, 16 MM², ANTI-CHAMA 450/750 V, PARA DISTRIBUIÇÃO - FORNECIMENTO E INSTALAÇÃO. AF_10/2020 | D89: M | E89: 447.4 | F89: 22.66 | G89: 10138.08 | H89: =G89/$G$380 -> 0.0033905256 | I89: =H89+I88 -> 0.79674696
A90: 100867 | B90: SINAPI | C90: BARRA DE APOIO RETA, EM AÇO INOX POLIDO, COMPRIMENTO 70 CM, FIXADA NA PAREDE - FORNECIMENTO E INSTALAÇÃO. AF_02/2026 | D90: UN | E90: 24 | F90: 417.49 | G90: 10019.76 | H90: =G90/$G$380 -> 0.0033509553 | I90: =H90+I89 -> 0.80009792
A91: 93382 | B91: SINAPI | C91: REATERRO MANUAL DE VALAS, COM COMPACTADOR DE SOLOS DE PERCUSSÃO. AF_08/2023 | D91: m³ | E91: 250.02 | F91: 39.06 | G91: 9765.78 | H91: =G91/$G$380 -> 0.0032660156 | I91: =H91+I90 -> 0.80336393
A92: AV 0060 | B92: Próprio | C92: LOCACAO DE ANDAIME METALICO TIPO FACHADEIRO, PECAS COM APROXIMADAMENTE 1,20 M DE LARGURA E 2,0 M DE ALTURA, INCLUINDO DIAGONAIS EM X, BARRAS DE LIGACAO, SAPATAS E DEMAIS ITENS NECESSARIOS A MONTAGEM, INCLUSIVE MONTAGEM E DESMONTAGEM | D92: M2xMÊS | E92: 273.4 | F92: 35.49 | G92: 9702.96 | H92: =G92/$G$380 -> 0.0032450064 | I92: =H92+I91 -> 0.80660894
A93: 90694 | B93: SINAPI | C93: TUBO DE PVC PARA REDE COLETORA DE ESGOTO DE PAREDE MACIÇA, DN 100 MM, JUNTA ELÁSTICA - FORNECIMENTO E ASSENTAMENTO. AF_01/2021 | D93: M | E93: 187.06 | F93: 51.51 | G93: 9635.46 | H93: =G93/$G$380 -> 0.0032224321 | I93: =H93+I92 -> 0.80983137
A94: AV 0058 | B94: Próprio | C94: MOBILIZACAO E DESMOBILIZACAO DE CANTEIRO | D94: UN | E94: 1 | F94: 9589.87 | G94: 9589.87 | H94: =G94/$G$380 -> 0.0032071852 | I94: =H94+I93 -> 0.81303856
A95: AV 0391 | B95: Próprio | C95: CAIXA DE VENTILACAO PARA FORRO CAB-250 - 220V - S&P | D95: UN | E95: 2 | F95: 4782.21 | G95: 9564.42 | H95: =G95/$G$380 -> 0.0031986738 | I95: =H95+I94 -> 0.81623723
A96: AV 0299 | B96: Próprio | C96: LIMPEZA/REMOÇÃO DE TINTAS EM PISOS E REVESTIMENTOS | D96: m² | E96: 564.56 | F96: 16.85 | G96: 9512.83 | H96: =G96/$G$380 -> 0.0031814203 | I96: =H96+I95 -> 0.81941865
A97: 91928 | B97: SINAPI | C97: CABO DE COBRE FLEXÍVEL ISOLADO, 4 MM², ANTI-CHAMA 450/750 V, PARA CIRCUITOS TERMINAIS - FORNECIMENTO E INSTALAÇÃO. AF_03/2023 | D97: M | E97: 982.2 | F97: 9.62 | G97: 9448.76 | H97: =G97/$G$380 -> 0.0031599931 | I97: =H97+I96 -> 0.82257864
A98: 98565 | B98: SINAPI | C98: PROTEÇÃO MECÂNICA DE SUPERFICIE HORIZONTAL COM ARGAMASSA DE CIMENTO E AREIA, TRAÇO 1:3, E=3CM. AF_09/2023 | D98: m² | E98: 107.01 | F98: 79.81 | G98: 8540.46 | H98: =G98/$G$380 -> 0.0028562261 | I98: =H98+I97 -> 0.82543487
A99: 104639 | B99: SINAPI | C99: PINTURA LÁTEX ACRÍLICA ECONÔMICA, APLICAÇÃO MANUAL EM TETO, DUAS DEMÃOS. AF_04/2023 | D99: m² | E99: 502.19 | F99: 16.8 | G99: 8436.79 | H99: =G99/$G$380 -> 0.0028215552 | I99: =H99+I98 -> 0.82825642
A100: 99059 | B100: SINAPI | C100: LOCAÇÃO CONVENCIONAL DE OBRA, UTILIZANDO GABARITO DE TÁBUAS CORRIDAS PONTALETADAS A CADA 2,00M - 2 UTILIZAÇÕES. AF_03/2024 | D100: M | E100: 97.5 | F100: 86.16 | G100: 8400.6 | H100: =G100/$G$380 -> 0.002809452 | I100: =H100+I99 -> 0.83106588
A101: AV 0220 | B101: Próprio | C101: ELETRODUTO GALVANIZADO CONFORME NBR13057 - 1 1/4´ COM ACESSÓRIOS | D101: M | E101: 65 | F101: 129.14 | G101: 8394.1 | H101: =G101/$G$380 -> 0.0028072782 | I101: =H101+I100 -> 0.83387315
A102: 94451 | B102: SINAPI | C102: CUMEEIRA PARA TELHA DE FIBROCIMENTO ESTRUTURAL E = 6 MM, INCLUSO ACESSÓRIOS DE FIXAÇÃO E IÇAMENTO. AF_07/2019 | D102: M | E102: 74.2 | F102: 109.62 | G102: 8133.8 | H102: =G102/$G$380 -> 0.0027202249 | I102: =H102+I101 -> 0.83659338
A103: AV 0105 | B103: Próprio | C103: TORNEIRA DE MESA COM FECHAMENTO AUTOMÁTICO, LINHA DECAMATIC ECO, REF.1173.C, DECA OU SIMILAR | D103: UN | E103: 24 | F103: 332.03 | G103: 7968.72 | H103: =G103/$G$380 -> 0.0026650164 | I103: =H103+I102 -> 0.8392584
A104: AV 0390 | B104: Próprio | C104: EXAUSTOR CENTRIFUGO SIROCO TRIFASICO EC5-TN-3 | D104: UN | E104: 1 | F104: 7903.94 | G104: 7903.94 | H104: =G104/$G$380 -> 0.0026433517 | I104: =H104+I103 -> 0.84190175
...

Sheet encargos
A3: COD | B3: DESCRIÇÃO | C3: HORISTA % | E3: MENSALISTA %
A5: A | B5: GRUPO A
A6: A1 | B6: INSS | C6: 20 | E6: 20
A7: A2 | B7: SESI | C7: 1.5 | E7: 1.5
A8: A3 | B8: SENAI | C8: 1 | E8: 1
A9: A4 | B9: INCRA | C9: 0.2 | E9: 0.2
A10: A5 | B10: SEBRAE | C10: 0.6 | E10: 0.6
A11: A6 | B11: Salário Educação | C11: 2.5 | E11: 2.5
A12: A7 | B12: Seguro Contra Acidentes de Trabalho | C12: 3 | E12: 3
A13: A8 | B13: FGTS | C13: 8 | E13: 8
A14: A9 | B14: SECONCI | C14: 0 | E14: 0
B15: TOTAL | C15: 36.8 | E15: 36.8
A17: B | B17: GRUPO B
A18: B1 | B18: Repouso Semanal Remunerado | C18: 17.86 | E18: 0
A19: B2 | B19: Feriados | C19: 3.94 | E19: 0
A20: B3 | B20: Auxílio - Enfermidade | C20: 0.89 | E20: 0.67
A21: B4 | B21: 13º Salário | C21: 11.08 | E21: 8.32
A22: B5 | B22: Licença Paternidade | C22: 0.07 | E22: 0.05
A23: B6 | B23: Faltas Justificadas | C23: 0.74 | E23: 0.56
A24: B7 | B24: Dias de Chuvas | C24: 2.28 | E24: 0
A25: B8 | B25: Auxílio Acidente de Trabalho | C25: 0.03 | E25: 0.02
A26: B9 | B26: Férias Gozadas | C26: 12.08 | E26: 9.07
A27: B10 | B27: Salário Maternidade | C27: 0.04 | E27: 0.03
B28: TOTAL | C28: 49.01 | E28: 18.72
A30: C | B30: GRUPO C
A31: C1 | B31: Aviso Prévio Indenizado | C31: 6.7 | E31: 5.04
A32: C2 | B32: Aviso Prévio Trabalhado | C32: 0.17 | E32: 0.13
A33: C3 | B33: Férias Indenizadas | C33: 2.99 | E33: 2.25
A34: C4 | B34: Depósito Rescisão Sem Justa Causa | C34: 2.86 | E34: 2.15
A35: C5 | B35: Indenização Adicional | C35: 0.56 | E35: 0.42
B36: TOTAL | C36: 13.28 | E36: 9.99
A38: D | B38: GRUPO D
A39: D1 | B39: Reincidência de Grupo A sobre 13º, conforme Lei nº 14.973/2024) | C39: 18.04 | E39: 6.89
A40: D2 | B40: Reincidência de Grupo A sobre Aviso Prévio Trabalhado e Reincidência do FGTS sobre Aviso Prévio Indenizado | C40: 0.6 | E40: 0.45
B41: TOTAL | C41: 18.64 | E41: 7.34
B43: A + B + C + D = | C43: 117.73 | E43: 72.85

Sheet BDI SERV.
E1: MIN | F1: MED | G1: MAX | N1: ="Quadro de Composição do BDI "&MID(CELL("nome.arquivo",N1),5+FIND("BDI (",CELL("nome.arquivo",N1)),1) -> #VALUE!
A2: Construção e Reforma de Edifícios | B2: AC | C2: =CONCATENATE(A2,"-",B2) -> Construção e Reforma de Edifícios-AC | E2: 0.03 | F2: 0.04 | G2: 0.055
A3: =A2 -> Construção e Reforma de Edifícios | B3: SG | C3: =CONCATENATE(A3,"-",B3) -> Construção e Reforma de Edifícios-SG | E3: 0.008 | F3: 0.008 | G3: 0.01
A4: =A3 -> Construção e Reforma de Edifícios | B4: R | C4: =CONCATENATE(A4,"-",B4) -> Construção e Reforma de Edifícios-R | E4: 0.0097 | F4: 0.0127 | G4: 0.0127 | I4: Nº TC/CR | K4: PROPONENTE / TOMADOR
A5: =A4 -> Construção e Reforma de Edifícios | B5: DF | C5: =CONCATENATE(A5,"-",B5) -> Construção e Reforma de Edifícios-DF | E5: 0.0059 | F5: 0.0123 | G5: 0.0139 | I5: 1039250-00 | K5: Prefeitura Municipal
I6: QUADRO DE COMPOSIÇÃO DE BDI
A7: =A5 -> Construção e Reforma de Edifícios | B7: L | C7: =CONCATENATE(A7,"-",B7) -> Construção e Reforma de Edifícios-L | E7: 0.0616 | F7: 0.074 | G7: 0.0896
A8: =A7 -> Construção e Reforma de Edifícios | B8: BDI PAD | C8: =CONCATENATE(A8,"-",B8) -> Construção e Reforma de Edifícios-BDI PAD | E8: 0.2034 | F8: 0.2212 | G8: 0.25 | I8: OBJETO
A9: Construção de Praças Urbanas, Rodovias, Ferrovias e recapeamento e pavimentação de vias urbanas | B9: AC | C9: =CONCATENATE(A9,"-",B9) -> Construção de Praças Urbanas, Rodovias, Ferrovias e recapeamento e pavimentação de vias urbanas-AC | E9: 0.038 | F9: 0.0401 | G9: 0.0467 | I9: PROJETO DE SINALIZAÇÃO E ADEQUAÇÃO DO CANTEIRO
A10: Construção de Praças Urbanas, Rodovias, Ferrovias e recapeamento e pavimentação de vias urbanas | B10: SG | C10: =CONCATENATE(A10,"-",B10) -> Construção de Praças Urbanas, Rodovias, Ferrovias e recapeamento e pavimentação de vias urbanas-SG | E10: 0.0032 | F10: 0.004 | G10: 0.0074
K11: Obra
K12: =DADOS!B8 -> Construção de Centro de Atenção Psicossocial Tipo I, no Município de PORTO SEGURO/BA
I14: QUADRO DE COMPOSIÇÃO DE BDI
A16: Construção de Praças Urbanas, Rodovias, Ferrovias e recapeamento e pavimentação de vias urbanas | B16: R | C16: =CONCATENATE(A16,"-",B16) -> Construção de Praças Urbanas, Rodovias, Ferrovias e recapeamento e pavimentação de vias urbanas-R | E16: 0.005 | F16: 0.0056 | G16: 0.0097 | I16: TIPO DE OBRA DO EMPREENDIMENTO | Q16: DESONERAÇÃO
A17: Construção de Praças Urbanas, Rodovias, Ferrovias e recapeamento e pavimentação de vias urbanas | B17: DF | C17: =CONCATENATE(A17,"-",B17) -> Construção de Praças Urbanas, Rodovias, Ferrovias e recapeamento e pavimentação de vias urbanas-DF | E17: 0.0102 | F17: 0.0111 | G17: 0.0121 | I17: Construção e Reforma de Edifícios | Q17: Não
A18: Construção de Praças Urbanas, Rodovias, Ferrovias e recapeamento e pavimentação de vias urbanas | B18: L | C18: =CONCATENATE(A18,"-",B18) -> Construção de Praças Urbanas, Rodovias, Ferrovias e recapeamento e pavimentação de vias urbanas-L | E18: 0.0664 | F18: 0.073 | G18: 0.0869
A19: Construção de Praças Urbanas, Rodovias, Ferrovias e recapeamento e pavimentação de vias urbanas | B19: BDI PAD | C19: =CONCATENATE(A19,"-",B19) -> Construção de Praças Urbanas, Rodovias, Ferrovias e recapeamento e pavimentação de vias urbanas-BDI PAD | E19: 0.196 | F19: 0.2097 | G19: 0.2423 | I19: Conforme legislação tributária municipal, definir estimativa de percentual da base de cálculo para o ISS: | Q19: 0.4
A20: Construção de Redes de Abastecimento de Água, Coleta de Esgoto | B20: AC | C20: =CONCATENATE(A20,"-",B20) -> Construção de Redes de Abastecimento de Água, Coleta de Esgoto-AC | E20: 0.0343 | F20: 0.0493 | G20: 0.0671 | I20: Sobre a base de cálculo, definir a respectiva alíquota do ISS (entre 2% e 5%): | Q20: 0.05
A21: =A20 -> Construção de Redes de Abastecimento de Água, Coleta de Esgoto | B21: SG | C21: =CONCATENATE(A21,"-",B21) -> Construção de Redes de Abastecimento de Água, Coleta de Esgoto-SG | E21: 0.0028 | F21: 0.0049 | G21: 0.0075
I22: Itens | M22: Siglas | N22: % Adotado | O22: Situação | P22: 1º Quartil | Q22: Médio | R22: 3º Quartil | T22: =IF(V33,"Para BDI fora do intervalo estatístico, deve ser apresentado Relatório Técnico Circunstanciado justificando a adoção do percentual de cada parcela do BDI.","")
A23: =A21 -> Construção de Redes de Abastecimento de Água, Coleta de Esgoto | B23: R | C23: =CONCATENATE(A23,"-",B23) -> Construção de Redes de Abastecimento de Água, Coleta de Esgoto-R | E23: 0.01 | F23: 0.0139 | G23: 0.0174
A24: =A23 -> Construção de Redes de Abastecimento de Água, Coleta de Esgoto | B24: DF | C24: =CONCATENATE(A24,"-",B24) -> Construção de Redes de Abastecimento de Água, Coleta de Esgoto-DF | E24: 0.0094 | F24: 0.0099 | G24: 0.0117 | I24: =IF($I$17=$A$70,"Encargos Sociais incidentes sobre a mão de obra","Administração Central") -> Administração Central | M24: =IF($I$17=$A$70,"K1","AC") -> AC | N24: 0.04 | O24: - | P24: =VLOOKUP(CONCATENATE(I$17,"-",M24),$C$2:$G$60,3,FALSE) -> 0.03 | Q24: =VLOOKUP(CONCATENATE(I$17,"-",M24),$C$2:$G$60,4,FALSE) -> 0.04 | R24: =VLOOKUP(CONCATENATE(I$17,"-",M24),$C$2:$G$60,5,FALSE) -> 0.055
A25: =A24 -> Construção de Redes de Abastecimento de Água, Coleta de Esgoto | B25: L | C25: =CONCATENATE(A25,"-",B25) -> Construção de Redes de Abastecimento de Água, Coleta de Esgoto-L | E25: 0.0674 | F25: 0.0804 | G25: 0.094 | I25: =IF($I$17=$A$70,"Administração Central da empresa ou consultoria - overhead","Seguro e Garantia") -> Seguro e Garantia | M25: =IF($I$17=$A$70,"K2","SG") -> SG | N25: 0.008 | O25: - | P25: =VLOOKUP(CONCATENATE(I$17,"-",M25),$C$2:$G$60,3,FALSE) -> 0.008 | Q25: =VLOOKUP(CONCATENATE(I$17,"-",M25),$C$2:$G$60,4,FALSE) -> 0.008 | R25: =VLOOKUP(CONCATENATE(I$17,"-",M25),$C$2:$G$60,5,FALSE) -> 0.01
A26: =A25 -> Construção de Redes de Abastecimento de Água, Coleta de Esgoto | B26: BDI PAD | C26: =CONCATENATE(A26,"-",B26) -> Construção de Redes de Abastecimento de Água, Coleta de Esgoto-BDI PAD | E26: 0.2076 | F26: 0.2418 | G26: 0.2644 | I26: =IF($I$17=$A$70,"","Risco") -> Risco | M26: =IF($I$17=$A$70,"","R") -> R | N26: 0.0127 | O26: - | P26: =VLOOKUP(CONCATENATE(I$17,"-",M26),$C$2:$G$60,3,FALSE) -> 0.0097 | Q26: =VLOOKUP(CONCATENATE(I$17,"-",M26),$C$2:$G$60,4,FALSE) -> 0.0127 | R26: =VLOOKUP(CONCATENATE(I$17,"-",M26),$C$2:$G$60,5,FALSE) -> 0.0127
A27: Construção e Manutenção de Estações e Redes de Distribuição de Energia Elétrica | B27: AC | C27: =CONCATENATE(A27,"-",B27) -> Construção e Manutenção de Estações e Redes de Distribuição de Energia Elétrica-AC | E27: 0.0529 | F27: 0.0592 | G27: 0.0793 | I27: =IF($I$17=$A$70,"","Despesas Financeiras") -> Despesas Financeiras | M27: =IF($I$17=$A$70,"","DF") -> DF | N27: 0.0123 | O27: - | P27: =VLOOKUP(CONCATENATE(I$17,"-",M27),$C$2:$G$60,3,FALSE) -> 0.0059 | Q27: =VLOOKUP(CONCATENATE(I$17,"-",M27),$C$2:$G$60,4,FALSE) -> 0.0123 | R27: =VLOOKUP(CONCATENATE(I$17,"-",M27),$C$2:$G$60,5,FALSE) -> 0.0139
A28: =A27 -> Construção e Manutenção de Estações e Redes de Distribuição de Energia Elétrica | B28: SG | C28: =CONCATENATE(A28,"-",B28) -> Construção e Manutenção de Estações e Redes de Distribuição de Energia Elétrica-SG | E28: 0.0025 | F28: 0.0051 | G28: 0.0056 | I28: =IF($I$17=$A$70,"Margem bruta da empresa de consultoria","Lucro") -> Lucro | M28: =IF($I$17=$A$70,"K3","L") -> L | N28: 0.0616 | O28: - | P28: =VLOOKUP(CONCATENATE(I$17,"-",M28),$C$2:$G$60,3,FALSE) -> 0.0616 | Q28: =VLOOKUP(CONCATENATE(I$17,"-",M28),$C$2:$G$60,4,FALSE) -> 0.074 | R28: =VLOOKUP(CONCATENATE(I$17,"-",M28),$C$2:$G$60,5,FALSE) -> 0.0896
A29: =A28 -> Construção e Manutenção de Estações e Redes de Distribuição de Energia Elétrica | B29: R | C29: =CONCATENATE(A29,"-",B29) -> Construção e Manutenção de Estações e Redes de Distribuição de Energia Elétrica-R | E29: 0.01 | F29: 0.0148 | G29: 0.0197 | I29: Tributos (impostos COFINS 3%, e PIS 0,65%) | M29: CP | N29: 0.0365 | O29: - | P29: 0.0365 | Q29: 0.0365 | R29: 0.0365
A30: =A29 -> Construção e Manutenção de Estações e Redes de Distribuição de Energia Elétrica | B30: DF | C30: =CONCATENATE(A30,"-",B30) -> Construção e Manutenção de Estações e Redes de Distribuição de Energia Elétrica-DF | E30: 0.0101 | F30: 0.0107 | G30: 0.0111 | I30: Tributos (ISS, variável de acordo com o município) | M30: ISS | N30: =IF($I$17<>$A$69,Q20*Q19,0) -> 0.02 | O30: - | P30: 0 | Q30: 0.025 | R30: 0.05
A31: =A30 -> Construção e Manutenção de Estações e Redes de Distribuição de Energia Elétrica | B31: L | C31: =CONCATENATE(A31,"-",B31) -> Construção e Manutenção de Estações e Redes de Distribuição de Energia Elétrica-L | E31: 0.08 | F31: 0.0831 | G31: 0.0951 | I31: Tributos (Contribuição Previdenciária sobre a Receita Bruta - 0% ou 4,5% - Desoneração) | M31: CPRB | N31: =IF(AND($I$17<>$A$69,Q17="Sim"),4.5%,0%) -> 0 | O31: =IF(AND(N31>=P31, N31<=R31), "OK", "Não OK") -> OK | P31: 0 | Q31: 0.045 | R31: 0.045
A32: =A31 -> Construção e Manutenção de Estações e Redes de Distribuição de Energia Elétrica | B32: BDI PAD | C32: =CONCATENATE(A32,"-",B32) -> Construção e Manutenção de Estações e Redes de Distribuição de Energia Elétrica-BDI PAD | E32: 0.24 | F32: 0.2584 | G32: 0.2786 | I32: BDI SEM desoneração (Fórmula Acórdão TCU) | M32: BDI PAD | N32: =IF($I$17=$A$69,0,ROUND((((1+N24+N25+N26)*(1+N27)*(1+N28)/(1-(N29+N30)))-1),4)) -> 0.2081 | O32: =IF(OR($I$17=$A$70,$I$17=$A$69,AND(N32>=P32, N32<=R32)), "OK", "FORA DO INTERVALO") -> OK | P32: =IF($I$17=$A$69,0,VLOOKUP(CONCATENATE($I$17,"-",$M32),$C$2:$G$60,3,FALSE)) -> 0.2034 | Q32: =IF($I$17=$A$69,0,VLOOKUP(CONCATENATE($I$17,"-",$M32),$C$2:$G$60,4,FALSE)) -> 0.2212 | R32: =IF($I$17=$A$69,0,VLOOKUP(CONCATENATE($I$17,"-",$M32),$C$2:$G$60,5,FALSE)) -> 0.25
A33: Obras Portuárias, Marítimas e Fluviais | B33: AC | C33: =CONCATENATE(A33,"-",B33) -> Obras Portuárias, Marítimas e Fluviais-AC | E33: 0.04 | F33: 0.0552 | G33: 0.0785 | I33: BDI COM desoneração | M33: BDI DES | N33: =IF($I$17=$A$69,0,ROUND((((1+N24+N25+N26)*(1+N27)*(1+N28)/(1-(N29+N30+N31)))-1),4)) -> 0.2081 | O33: =IF(Q17<>"Sim","",O32) | V33: =AND(COUNTA(N24:N29)=6,O32<>"ok",NOT(V35)) -> FALSE | W33: pedir anexo
A34: =A33 -> Obras Portuárias, Marítimas e Fluviais | B34: SG | C34: =CONCATENATE(A34,"-",B34) -> Obras Portuárias, Marítimas e Fluviais-SG | E34: 0.0081 | F34: 0.0122 | G34: 0.0199
A35: =A34 -> Obras Portuárias, Marítimas e Fluviais | B35: R | C35: =CONCATENATE(A35,"-",B35) -> Obras Portuárias, Marítimas e Fluviais-R | E35: 0.0146 | F35: 0.0232 | G35: 0.0316 | I35: =IF(V35,"X","") | J35: Anexo: Relatório Técnico Circunstanciado justificando a adoção do percentual de cada parcela do BDI. | V35: FALSE | W35: anexo apresentado
I37: Os valores de BDI foram calculados com o emprego da fórmula:
A38: =A35 -> Obras Portuárias, Marítimas e Fluviais | B38: DF | C38: =CONCATENATE(A38,"-",B38) -> Obras Portuárias, Marítimas e Fluviais-DF | E38: 0.0094 | F38: 0.0102 | G38: 0.0133 | L38: =IF(Q17="Sim","BDI.DES =","BDI.PAD =") -> BDI.PAD = | M38: =IF($I$17=$A$70,"(1+K1+K2)*(1+K3)","(1+AC + S + R + G)*(1 + DF)*(1+L)") -> (1+AC + S + R + G)*(1 + DF)*(1+L) | P38: - 1
A39: =A38 -> Obras Portuárias, Marítimas e Fluviais | B39: L | C39: =CONCATENATE(A39,"-",B39) -> Obras Portuárias, Marítimas e Fluviais-L | E39: 0.0714 | F39: 0.084 | G39: 0.1043 | M39: =IF(Q17="Sim","(1-CP-ISS-CRPB)","(1-CP-ISS)") -> (1-CP-ISS)
A40: =A39 -> Obras Portuárias, Marítimas e Fluviais | B40: BDI PAD | C40: =CONCATENATE(A40,"-",B40) -> Obras Portuárias, Marítimas e Fluviais-BDI PAD | E40: 0.228 | F40: 0.2748 | G40: 0.3095
I41: =CONCATENATE("Declaro para os devidos fins que, conforme legislação tributária municipal, a base de cálculo para ",I17,", é de ",Q19*100,"%, com a respectiva alíquota de ",Q20*100,"%.") -> Declaro para os devidos fins que, conforme legislação tributária municipal, a base de cálculo para Construção e Reforma de Edifícios, é de 40%, com a respectiva alíquota de 5%.
I43: =CONCATENATE("Declaro para os devidos fins que o regime de Contribuição Previdenciária sobre a Receita Bruta adotado para elaboração do orçamento foi ",IF(Q17="Sim","COM","SEM")," Desoneração, e que esta é a alternativa mais adequada para a Administração Pública.") -> Declaro para os devidos fins que o regime de Contribuição Previdenciária sobre a Receita Bruta adotado para elaboração do orçamento foi SEM Desoneração, e que esta é a alternativa mais adequada para a Administração Pública.
A44: Fornecimento de Materiais e Equipamentos (aquisição indireta - em conjunto com licitação de obras) | B44: AC | C44: =CONCATENATE(A44,"-",B44) -> Fornecimento de Materiais e Equipamentos (aquisição indireta - em conjunto com licitação de obras)-AC | E44: 0.015 | F44: 0.0345 | G44: 0.0449
A45: =A44 -> Fornecimento de Materiais e Equipamentos (aquisição indireta - em conjunto com licitação de obras) | B45: SG | C45: =CONCATENATE(A45,"-",B45) -> Fornecimento de Materiais e Equipamentos (aquisição indireta - em conjunto com licitação de obras)-SG | E45: 0.003 | F45: 0.0048 | G45: 0.0082 | I45: Observações:
A46: =A45 -> Fornecimento de Materiais e Equipamentos (aquisição indireta - em conjunto com licitação de obras) | B46: R | C46: =CONCATENATE(A46,"-",B46) -> Fornecimento de Materiais e Equipamentos (aquisição indireta - em conjunto com licitação de obras)-R | E46: 0.0056 | F46: 0.0085 | G46: 0.0089
A47: =A46 -> Fornecimento de Materiais e Equipamentos (aquisição indireta - em conjunto com licitação de obras) | B47: DF | C47: =CONCATENATE(A47,"-",B47) -> Fornecimento de Materiais e Equipamentos (aquisição indireta - em conjunto com licitação de obras)-DF | E47: 0.0085 | F47: 0.0085 | G47: 0.0111
A48: =A47 -> Fornecimento de Materiais e Equipamentos (aquisição indireta - em conjunto com licitação de obras) | B48: L | C48: =CONCATENATE(A48,"-",B48) -> Fornecimento de Materiais e Equipamentos (aquisição indireta - em conjunto com licitação de obras)-L | E48: 0.035 | F48: 0.0511 | G48: 0.0622 | I48: =DADOS!B5 -> PORTO SEGURO/BA | O48: =DADOS!B20 -> 46323
A49: =A48 -> Fornecimento de Materiais e Equipamentos (aquisição indireta - em conjunto com licitação de obras) | B49: BDI PAD | C49: =CONCATENATE(A49,"-",B49) -> Fornecimento de Materiais e Equipamentos (aquisição indireta - em conjunto com licitação de obras)-BDI PAD | E49: 0.111 | F49: 0.1402 | G49: 0.168 | I49: Local | O49: Data
A50: Estudos e Projetos, Planos e Gerenciamento e outros correlatos | B50: K1 | C50: =CONCATENATE(A50,"-",B50) -> Estudos e Projetos, Planos e Gerenciamento e outros correlatos-K1 | E50: - | F50: - | G50: -
A56: =A50 -> Estudos e Projetos, Planos e Gerenciamento e outros correlatos | B56: K2 | C56: =CONCATENATE(A56,"-",B56) -> Estudos e Projetos, Planos e Gerenciamento e outros correlatos-K2 | E56: - | F56: 0.2 | G56: -
A57: =A56 -> Estudos e Projetos, Planos e Gerenciamento e outros correlatos | C57: =CONCATENATE(A57,"-",B57) -> Estudos e Projetos, Planos e Gerenciamento e outros correlatos- | E57: - | F57: - | G57: - | I57: Responsável Técnico
A58: =A57 -> Estudos e Projetos, Planos e Gerenciamento e outros correlatos | C58: =CONCATENATE(A58,"-",B58) -> Estudos e Projetos, Planos e Gerenciamento e outros correlatos- | E58: - | F58: - | G58: - | I58: Nome: | J58: =DADOS!B16 -> Andressa Vasconcelos Porto
A59: =A58 -> Estudos e Projetos, Planos e Gerenciamento e outros correlatos | B59: K3 | C59: =CONCATENATE(A59,"-",B59) -> Estudos e Projetos, Planos e Gerenciamento e outros correlatos-K3 | E59: - | F59: 0.12 | G59: - | I59: Título: | J59: =DADOS!B17 -> Engenheira Civil
A60: =A59 -> Estudos e Projetos, Planos e Gerenciamento e outros correlatos | B60: BDI PAD | C60: =CONCATENATE(A60,"-",B60) -> Estudos e Projetos, Planos e Gerenciamento e outros correlatos-BDI PAD | E60: - | F60: - | G60: - | I60: CREA/CAU: | J60: =DADOS!B18 -> CREA/BA 052288016-9
J61: 0
A63: Construção e Reforma de Edifícios
A64: Construção de Praças Urbanas, Rodovias, Ferrovias e recapeamento e pavimentação de vias urbanas
A65: Construção de Redes de Abastecimento de Água, Coleta de Esgoto
A66: Construção e Manutenção de Estações e Redes de Distribuição de Energia Elétrica
A67: Obras Portuárias, Marítimas e Fluviais
A68: Fornecimento de Materiais e Equipamentos (aquisição indireta - em conjunto com licitação de obras)
A69: Fornecimento de Materiais e Equipamentos (aquisição direta)
A70: Estudos e Projetos, Planos e Gerenciamento e outros correlatos

Sheet COMPOSIÇÃO PRÓPRIA
C1: Obra | D1: B.D.I. | F1: Encargos Sociais
C2: =DADOS!B8 -> Construção de Centro de Atenção Psicossocial Tipo I, no Município de PORTO SEGURO/BA | D2: =DADOS!B10 -> 0.2081 | F2: ='ORÇAMENTO ANALÍTICO'!I2 -> Não Desonerado: embutido nos preços unitário dos insumos de mão de obra, de acordo com as bases.
A5: COMPOSIÇÕES PRÓRIAS
A7: 3.5 | B7: Código | C7: Banco | D7: Descrição | E7: Tipo | G7: Und | H7: Quant. | I7: Valor Unit | J7: Total
A8: Composição | B8: AV 0048 | C8: Próprio | D8: Cinta de confinamento em meio fio de concreto pre moldado, seção 20X15cm | E8: PAVI - PAVIMENTAÇÃO | G8: M | H8: 1 | I8: 56.78 | J8: 56.78
A9: Composição Auxiliar | B9: 88261 | C9: SINAPI | D9: CARPINTEIRO DE ESQUADRIAS COM ENCARGOS COMPLEMENTARES | E9: Livro SINAPI: Cálculos e Parâmetros | G9: H | H9: 0.0047 | I9: 31.99 | J9: 0.15
A10: Composição Auxiliar | B10: 88309 | C10: SINAPI | D10: PEDREIRO COM ENCARGOS COMPLEMENTARES | E10: Livro SINAPI: Cálculos e Parâmetros | G10: H | H10: 0.1847 | I10: 33.52 | J10: 6.19
A11: Composição Auxiliar | B11: 88316 | C11: SINAPI | D11: SERVENTE COM ENCARGOS COMPLEMENTARES | E11: Livro SINAPI: Cálculos e Parâmetros | G11: H | H11: 0.4671 | I11: 24.37 | J11: 11.38
A12: Composição Auxiliar | B12: 93358 | C12: SINAPI | D12: ESCAVAÇÃO MANUAL DE VALA. AF_09/2024 | E12: Escavação de Valas | G12: m³ | H12: 0.03 | I12: 96.4 | J12: 2.89
A13: Insumo | B13: 00001379 | C13: SINAPI | D13: CIMENTO PORTLAND COMPOSTO CP II-32 | E13: Material | G13: KG | H13: 5.1684 | I13: 0.95 | J13: 4.9
A14: Insumo | B14: 00000370 | C14: SINAPI | D14: AREIA MEDIA - POSTO JAZIDA/FORNECEDOR (RETIRADO NA JAZIDA, SEM TRANSPORTE) | E14: Material | G14: m³ | H14: 0.0022 | I14: 144.05 | J14: 0.31
A15: Insumo | B15: 00041679 | C15: SINAPI | D15: MEIO-FIO OU GUIA DE CONCRETO PRE-MOLDADO, COMP 1 M, *20 X 12/15* CM (H X L1/L2) | E15: Material | G15: UN | H15: 1.25 | I15: 22.93 | J15: 28.66
A16: Insumo | B16: 00004721 | C16: SINAPI | D16: PEDRA BRITADA N. 1 (9,5 A 19 MM) POSTO PEDREIRA/FORNECEDOR, SEM FRETE | E16: Material | G16: m³ | H16: 0.0034 | I16: 116.09 | J16: 0.39
A17: Insumo | B17: 00004718 | C17: SINAPI | D17: PEDRA BRITADA N. 2 (19 A 38 MM) POSTO PEDREIRA/FORNECEDOR, SEM FRETE | E17: Material | G17: m³ | H17: 0.007 | I17: 116.7 | J17: 0.81
A18: Insumo | B18: 00000367 | C18: SINAPI | D18: AREIA GROSSA - POSTO JAZIDA/FORNECEDOR (RETIRADO NA JAZIDA, SEM TRANSPORTE) | E18: Material | G18: m³ | H18: 0.0076 | I18: 145.93 | J18: 1.1
E19: MO sem LS => | F19: 13.69 | G19: LS => | H19: 0 | I19: MO com LS => | J19: 13.69
E20: Valor do BDI => | F20: 13.64 | H20: Valor com BDI => | J20: 70.42
A22: 4.4 | B22: Código | C22: Banco | D22: Descrição | E22: Tipo | G22: Und | H22: Quant. | I22: Valor Unit | J22: Total
A23: Composição | B23: AV 0044 | C23: Próprio | D23: Piso tátil direcional e/ou alerta, de concreto, na cor natural, p/deficientes visuais, dimensões 25x25cm, aplicado com argamassa industrializada ac-ii, rejuntado, exclusive regularização de base | E23: ASTU - ASSENTAMENTO DE TUBOS E PECAS | G23: m² | H23: 1 | I23: 151.7 | J23: 151.7
A24: Composição Auxiliar | B24: 88316 | C24: SINAPI | D24: SERVENTE COM ENCARGOS COMPLEMENTARES | E24: Livro SINAPI: Cálculos e Parâmetros | G24: H | H24: 1.2 | I24: 24.37 | J24: 29.24
A25: Composição Auxiliar | B25: 88309 | C25: SINAPI | D25: PEDREIRO COM ENCARGOS COMPLEMENTARES | E25: Livro SINAPI: Cálculos e Parâmetros | G25: H | H25: 0.5 | I25: 33.52 | J25: 16.76
A26: Insumo | B26: 00034357 | C26: SINAPI | D26: REJUNTE CIMENTICIO, QUALQUER COR | E26: Material | G26: KG | H26: 0.52 | I26: 5.16 | J26: 2.68
A27: Insumo | B27: 00034353 | C27: SINAPI | D27: ARGAMASSA COLANTE AC II | E27: Material | G27: KG | H27: 4 | I27: 1.63 | J27: 6.52
A28: Insumo | B28: 00036178 | C28: SINAPI | D28: PISO TATIL / PODOTATIL, LADRILHO HIDRAULICO/CONCRETO, *40 X 40* CM, E= 2,5* CM, PADRAO TATIL ALERTA OU DIRECIONAL, COR NATURAL | E28: Material | G28: UN | H28: 6.25 | I28: 15.44 | J28: 96.5
E29: MO sem LS => | F29: 30.85 | G29: LS => | H29: 0 | I29: MO com LS => | J29: 30.85
E30: Valor do BDI => | F30: 36.45 | H30: Valor com BDI => | J30: 188.15
A32: 4.5 | B32: Código | C32: Banco | D32: Descrição | E32: Tipo | G32: Und | H32: Quant. | I32: Valor Unit | J32: Total
A33: Composição | B33: AV 0045 | C33: Próprio | D33: PASSAGEM D'ÁGUA A SER IMPLANTADA EM PASSEIOS , CONFORME DETALHE EM PROJETO | E33: PAVI - PAVIMENTAÇÃO | G33: UN | H33: 1 | I33: 1177.82 | J33: 1177.82
A34: Composição Auxiliar | B34: 101963 | C34: SINAPI | D34: LAJE PRÉ-MOLDADA UNIDIRECIONAL, BIAPOIADA, PARA PISO, ENCHIMENTO EM CERÂMICA, VIGOTA CONVENCIONAL, ALTURA TOTAL DA LAJE "LT" = 12 CM (ENCHIMENTO+CAPA) = (8+4). AF_08/2025 | E34: Lajes Pré-Moldadas | G34: m² | H34: 2.1 | I34: 191.42 | J34: 401.98
A35: Composição Auxiliar | B35: 94994 | C35: SINAPI | D35: EXECUÇÃO DE PASSEIO (CALÇADA) OU PISO DE CONCRETO COM CONCRETO MOLDADO IN LOCO, FEITO EM OBRA, ACABAMENTO CONVENCIONAL, ESPESSURA 8 CM, ARMADO. AF_08/2022 | E35: Passeios de Concreto | G35: m² | H35: 6.62 | I35: 106.37 | J35: 704.16
A36: Insumo | B36: 00043386 | C36: SINAPI | D36: MEIO-FIO OU GUIA DE CONCRETO PRE-MOLDADO, TIPO CHAPEU PARA BOCA DE LOBO, DIMENSOES *1,20* X 0,15 X 0,30 M | E36: Material | G36: UN | H36: 2 | I36: 35.84 | J36: 71.68
E37: MO sem LS => | F37: 212.02 | G37: LS => | H37: 0 | I37: MO com LS => | J37: 212.02
E38: Valor do BDI => | F38: 283.03 | H38: Valor com BDI => | J38: 1460.85
A40: 5.1 | B40: Código | C40: Banco | D40: Descrição | E40: Tipo | G40: Und | H40: Quant. | I40: Valor Unit | J40: Total
A41: Composição | B41: AV 0046 | C41: Próprio | D41: SINALIZAÇÃO PERMANENTE, VERTICAL, COM PLACA DE AÇO NUM 16 E PINTURA REFLETIVA (40cm) COMPOSTE DE TUBO GALVANIZADO 3,20m FIXADO EM BASE DE CONCRETO 30x30x50cm -FORNECIMENTO E INSTALAÇÃO, INCLUSIVE ESCAVAÇÃO E REATERRO. | E41: PAVI - PAVIMENTAÇÃO | G41: UN | H41: 1 | I41: 676.13 | J41: 676.13
A42: Composição Auxiliar | B42: 88316 | C42: SINAPI | D42: SERVENTE COM ENCARGOS COMPLEMENTARES | E42: Livro SINAPI: Cálculos e Parâmetros | G42: H | H42: 1 | I42: 24.37 | J42: 24.37
A43: Composição Auxiliar | B43: 93358 | C43: SINAPI | D43: ESCAVAÇÃO MANUAL DE VALA. AF_09/2024 | E43: Escavação de Valas | G43: m³ | H43: 0.045 | I43: 96.4 | J43: 4.33
A44: Composição Auxiliar | B44: 88315 | C44: SINAPI | D44: SERRALHEIRO COM ENCARGOS COMPLEMENTARES | E44: Livro SINAPI: Cálculos e Parâmetros | G44: H | H44: 1.2 | I44: 33.29 | J44: 39.94
A45: Composição Auxiliar | B45: 94975 | C45: SINAPI | D45: CONCRETO FCK = 15MPA, TRAÇO 1:3,4:3,5 (EM MASSA SECA DE CIMENTO/ AREIA MÉDIA/ BRITA 1) - PREPARO MANUAL. AF_05/2021 | E45: Produção de Concreto | G45: m³ | H45: 0.045 | I45: 601.54 | J45: 27.06
A46: Insumo | B46: 00004513 | C46: SINAPI | D46: CAIBRO 5 X 5 CM EM PINUS, MISTA OU EQUIVALENTE DA REGIAO - BRUTA | E46: Material | G46: M | H46: 2 | I46: 7.11 | J46: 14.22
A47: Insumo | B47: 00011928 | C47: SINAPI | D47: ABRACADEIRA, GALVANIZADA/ZINCADA, ROSCA SEM FIM, PARAFUSO INOX, LARGURA FITA *12,6 A *14 MM, D = 3" A 3 3/4" | E47: Material | G47: UN | H47: 2 | I47: 10.58 | J47: 21.16
A48: Insumo | B48: 00021015 | C48: SINAPI | D48: TUBO ACO GALVANIZADO COM COSTURA, CLASSE LEVE, DN 80 MM (3"), E = 3,35 MM, *7,32* KG/M (NBR 5580) | E48: Material | G48: M | H48: 3.2 | I48: 126.73 | J48: 405.53
A49: Insumo | B49: 00034723 | C49: SINAPI | D49: PLACA DE SINALIZACAO EM CHAPA DE ACO NUM 16 COM PINTURA REFLETIVA | E49: Material | G49: m² | H49: 0.16 | I49: 872.03 | J49: 139.52
E50: MO sem LS => | F50: 51.74 | G50: LS => | H50: 0 | I50: MO com LS => | J50: 51.74
E51: Valor do BDI => | F51: 162.47 | H51: Valor com BDI => | J51: 838.6
A53: 5.2 | B53: Código | C53: Banco | D53: Descrição | E53: Tipo | G53: Und | H53: Quant. | I53: Valor Unit | J53: Total
A54: Composição | B54: AV 0047 | C54: Próprio | D54: PLACA ESMALTADA PARA IDENTIFICAÇÃO NR DE RUA, DIMENSÕES 45X25CM | E54: ASTU - ASSENTAMENTO DE TUBOS E PECAS | G54: UN | H54: 1 | I54: 135.11 | J54: 135.11
A55: Composição Auxiliar | B55: 88316 | C55: SINAPI | D55: SERVENTE COM ENCARGOS COMPLEMENTARES | E55: Livro SINAPI: Cálculos e Parâmetros | G55: H | H55: 0.4 | I55: 24.37 | J55: 9.74
A56: Insumo | B56: 00013521 | C56: SINAPI | D56: PLACA DE ACO ESMALTADA PARA IDENTIFICACAO DE RUA, *45 CM X 20* CM | E56: Material | G56: UN | H56: 1 | I56: 124.57 | J56: 124.57
A57: Insumo | B57: 00011950 | C57: SINAPI | D57: BUCHA DE NYLON SEM ABA S6, COM PARAFUSO DE 4,20 X 40 MM EM ACO ZINCADO COM ROSCA SOBERBA, CABECA CHATA E FENDA PHILLIPS | E57: Material | G57: UN | H57: 4 | I57: 0.2 | J57: 0.8
E58: MO sem LS => | F58: 6.19 | G58: LS => | H58: 0 | I58: MO com LS => | J58: 6.19
E59: Valor do BDI => | F59: 32.46 | H59: Valor com BDI => | J59: 167.57
A61: 6.1 | B61: Código | C61: Banco | D61: Descrição | E61: Tipo | G61: Und | H61: Quant. | I61: Valor Unit | J61: Total
A62: Composição | B62: AV 0049 | C62: Próprio | D62: LIMPEZA DE RUAS (VARRIÇÃO E REMOÇÃO DE ENTULHOS) | E62: PAVI - PAVIMENTAÇÃO | G62: m² | H62: 1 | I62: 0.77 | J62: 0.77
A63: Composição Auxiliar | B63: 95878 | C63: SINAPI | D63: TRANSPORTE COM CAMINHÃO BASCULANTE DE 10 M³, EM VIA URBANA PAVIMENTADA, DMT ATÉ 30 KM (UNIDADE: TXKM). AF_07/2020 | E63: Transporte, Carga e Descarga de Materiais | G63: TXKM | H63: 0.0626 | I63: 1.69 | J63: 0.1
A64: Composição Auxiliar | B64: 88316 | C64: SINAPI | D64: SERVENTE COM ENCARGOS COMPLEMENTARES | E64: Livro SINAPI: Cálculos e Parâmetros | G64: H | H64: 0.0278 | I64: 24.37 | J64: 0.67
E65: MO sem LS => | F65: 0.44 | G65: LS => | H65: 0 | I65: MO com LS => | J65: 0.44
E66: Valor do BDI => | F66: 0.18 | H66: Valor com BDI => | J66: 0.95
A86: =DADOS!B5 -> PORTO SEGURO/BA | G86: =DADOS!B20 -> 46323
A87: Local | G87: Data
A95: Responsável Técnico
A96: Nome: | C96: =DADOS!B16 -> Andressa Vasconcelos Porto
A97: Título: | C97: =DADOS!B17 -> Engenheira Civil
A98: CREA/CAU: | C98: =DADOS!B18 -> CREA/BA 052288016-9

Sheet CRONOGRAMA
B1: Obra | E1: Bancos | G1: B.D.I.
B2: =DADOS!B8 -> Construção de Centro de Atenção Psicossocial Tipo I, no Município de PORTO SEGURO/BA | E2: =DADOS!B9 -> SINAPI 02/2026 | G2: =DADOS!B10 -> 0.2081
A4: CRONOGRAMA FÍSICO-FINANCEIRO
A6: Item | B6: Descrição | C6: Peso | D6: =SUM(D7:D18) -> #N/A | E6: MÊS 1 | F6: MÊS 2 | G6: MÊS 3 | H6: MÊS 4 | I6: MÊS 5
A7: 1 | B7: =VLOOKUP(A7,'ORÇAMENTO SINTÉTICO'!$A$7:$I$471,4,0) -> #N/A | C7: =VLOOKUP(A7,'ORÇAMENTO SINTÉTICO'!$A$7:$I$477,10,0) -> #N/A | D7: =VLOOKUP(A7,'ORÇAMENTO SINTÉTICO'!$A$7:$I$471,9,0) -> #N/A | E7: 1 | F7: 0 | G7: 0 | H7: 0 | I7: 0
E8: =E7*$D7 -> #N/A | F8: =F7*$D7 -> #N/A | G8: =G7*$D7 -> #N/A | H8: =H7*$D7 -> #N/A | I8: =I7*$D7 -> #N/A
A9: 2 | B9: =VLOOKUP(A9,'ORÇAMENTO SINTÉTICO'!$A$7:$I$471,4,0) -> #N/A | C9: =VLOOKUP(A9,'ORÇAMENTO SINTÉTICO'!$A$7:$I$477,10,0) -> #N/A | D9: =VLOOKUP(A9,'ORÇAMENTO SINTÉTICO'!$A$7:$I$471,9,0) -> #N/A | E9: 0.2 | F9: 0.2 | G9: 0.2 | H9: 0.2 | I9: 0.2
E10: =E9*$D9 -> #N/A | F10: =F9*$D9 -> #N/A | G10: =G9*$D9 -> #N/A | H10: =H9*$D9 -> #N/A | I10: =I9*$D9 -> #N/A
A11: 3 | B11: =VLOOKUP(A11,'ORÇAMENTO SINTÉTICO'!$A$7:$I$471,4,0) -> #N/A | C11: =VLOOKUP(A11,'ORÇAMENTO SINTÉTICO'!$A$7:$I$477,10,0) -> #N/A | D11: =VLOOKUP(A11,'ORÇAMENTO SINTÉTICO'!$A$7:$I$471,9,0) -> #N/A | E11: 0.2 | F11: 0.2 | G11: 0.2 | H11: 0.2 | I11: 0.2
E12: =E11*$D11 -> #N/A | F12: =F11*$D11 -> #N/A | G12: =G11*$D11 -> #N/A | H12: =H11*$D11 -> #N/A | I12: =I11*$D11 -> #N/A
A13: 4 | B13: =VLOOKUP(A13,'ORÇAMENTO SINTÉTICO'!$A$7:$I$471,4,0) -> ALVENARIA, VEDAÇÕES E DIVISÓRIAS | C13: =VLOOKUP(A13,'ORÇAMENTO SINTÉTICO'!$A$7:$I$477,10,0) -> #REF! | D13: =VLOOKUP(A13,'ORÇAMENTO SINTÉTICO'!$A$7:$I$471,9,0) -> 224273.76 | E13: 0.2 | F13: 0.2 | G13: 0.2 | H13: 0.2 | I13: 0.2
E14: =E13*$D13 -> 44854.752 | F14: =F13*$D13 -> 44854.752 | G14: =G13*$D13 -> 44854.752 | H14: =H13*$D13 -> 44854.752 | I14: =I13*$D13 -> 44854.752
A15: 5 | B15: =VLOOKUP(A15,'ORÇAMENTO SINTÉTICO'!$A$7:$I$471,4,0) -> COBERTURA | C15: =VLOOKUP(A15,'ORÇAMENTO SINTÉTICO'!$A$7:$I$477,10,0) -> #REF! | D15: =VLOOKUP(A15,'ORÇAMENTO SINTÉTICO'!$A$7:$I$471,9,0) -> 102450.27 | E15: 0.2 | F15: 0.2 | G15: 0.2 | H15: 0.2 | I15: 0.2
E16: =E15*$D15 -> 20490.054 | F16: =F15*$D15 -> 20490.054 | G16: =G15*$D15 -> 20490.054 | H16: =H15*$D15 -> 20490.054 | I16: =I15*$D15 -> 20490.054 | K16: =D7/I28 -> #N/A
A17: 6 | B17: =VLOOKUP(A17,'ORÇAMENTO SINTÉTICO'!$A$7:$I$471,4,0) -> IMPERMEABILIZAÇÃO | C17: =VLOOKUP(A17,'ORÇAMENTO SINTÉTICO'!$A$7:$I$477,10,0) -> #REF! | D17: =VLOOKUP(A17,'ORÇAMENTO SINTÉTICO'!$A$7:$I$471,9,0) -> 44083.17 | E17: 0 | F17: 0 | G17: 0 | H17: 0.5 | I17: 0.5
E18: =E17*$D17 -> 0 | F18: =F17*$D17 -> 0 | G18: =G17*$D17 -> 0 | H18: =H17*$D17 -> 22041.585 | I18: =I17*$D17 -> 22041.585
D25: Custo Mensal | E25: =E8+E10+E12+E14+E16+E18 -> #N/A | F25: =F8+F10+F12+F14+F16+F18 -> #N/A | G25: =G8+G10+G12+G14+G16+G18 -> #N/A | H25: =H8+H10+H12+H14+H16+H18 -> #N/A | I25: =I8+I10+I12+I14+I16+I18 -> #N/A | K25: =$K$16*E25 -> #N/A | L25: =$K$16*F25 -> #N/A | M25: =$K$16*G25 -> #N/A | N25: =$K$16*H25 -> #N/A | O25: =$K$16*I25 -> #N/A
D26: % mensal | E26: =E25/$D$6 -> #N/A | F26: =F25/$D$6 -> #N/A | G26: =G25/$D$6 -> #N/A | H26: =H25/$D$6 -> #N/A | I26: =I25/$D$6 -> #N/A | K26: =K25/$D$7 -> #N/A | L26: =L25/$D$7 -> #N/A | M26: =M25/$D$7 -> #N/A | N26: =N25/$D$7 -> #N/A | O26: =O25/$D$7 -> #N/A
D28: Custo Acumulado | E28: =E25 -> #N/A | F28: =F25+E28 -> #N/A | G28: =G25+F28 -> #N/A | H28: =H25+G28 -> #N/A | I28: =I25+H28 -> #N/A
D29: % acumulado | E29: =E28/$D$6 -> #N/A | F29: =F28/$D$6 -> #N/A | G29: =G28/$D$6 -> #N/A | H29: =H28/$D$6 -> #N/A | I29: =I28/$D$6 -> #N/A
A35: =DADOS!B5 -> PORTO SEGURO/BA | E35: =DADOS!B20 -> 46323
A36: Local | E36: Data
A44: Responsável Técnico
A45: Nome: | B45: =DADOS!B16 -> Andressa Vasconcelos Porto
A46: Título: | B46: =DADOS!B17 -> Engenheira Civil
A47: CREA/CAU: | B47: =DADOS!B18 -> CREA/BA 052288016-9

Sheet COTAÇÕES
B1: Obra | D1: B.D.I.
B2: =DADOS!B8 -> Construção de Centro de Atenção Psicossocial Tipo I, no Município de PORTO SEGURO/BA | D2: =DADOS!B10 -> 0.2081
A6: COTAÇÕES DE MERCADO
B8: ITEM 1: PRESSURIZADOR DE ÁGUA MAX PRESS 270 VF MONOFASICO 220V
B9: EMPRESA | C9: VALOR | D9: FRETE | E9: TOTAL
B10: RICARDO BOMBAS | C10: 12615 | D10: 0 | E10: =C10+D10 -> 12615
B11: CNPJ: 57.653.825/0001-22
B12: https://www.ricardobombas.com.br/pressurizadorrowamaxpress270vfmonofsico220v/prod-5423892/
B13: LEROY MERLIN | C13: 12959.8 | D13: 247.1 | E13: =C13+D13 -> 13206.9
B14: CNPJ: 01.438.784/0048-60
B15: https://www.leroymerlin.com.br/pressurizador-rowa-max-press-270-vf-mono-220v_1567096419#caracteristicas-tecnicas
B16: SOLAR NET AQUECEDORES LTDA | C16: 13422.07 | D16: 708.6 | E16: =C16+D16 -> 14130.67
B17: CNPJ: 60.451.117/0001-13
B18: https://www.solarnetaquecedores.com.br/pressurizador-maxpress-270vf-mono-rowa?utm_source=Site&utm_medium=GoogleShopping&utm_campaign=IntegracaoGoogle&
B19: MEDIANA: | E19: =MEDIAN(E10,E13,E16) -> 13206.9
B20: DATA DA COTAÇÃO: 26/04/2026
B21: ITEM 2: PRESSURIZADOR MAX PRESS 20E
B22: EMPRESA | C22: VALOR | D22: FRETE | E22: TOTAL
B23: MÉRITO COMERCIO DE EQUIPAMENTOS LTDA | C23: 2842.6 | D23: 0 | E23: =C23+D23 -> 2842.6
B24: CNPJ: 01.582.892/0001-49
B25: https://www.meritocomercial.com.br/pressurizador-rowa-max-press-20e-1-2cv-monofasico-220v-p27f182m094054-p1090460?tsid=75&gad_source=4&gad_campaignid=
B26: LEROY MERLIN | C26: 4245.2 | D26: 115.7 | E26: =C26+D26 -> 4360.9
B27: CNPJ: 01.438.784/0048-60
B28: https://www.leroymerlin.com.br/pressurizador-para-sistema-hidraulico-220v-max-press-20e-0,5hp-rowa_91076223
B29: RICARDO BOMBAS | C29: 3970 | D29: 117.75 | E29: =C29+D29 -> 4087.75
B30: CNPJ: 57.653.825/0001-22
B31: https://www.ricardobombas.com.br/pressurizadorrowamaxpress20emonofsico220v/prod-1186963/
B32: MEDIANA: | E32: =MEDIAN(E23,E26,E29) -> 4087.75
B33: DATA DA COTAÇÃO: 26/04/2026
B34: ITEM 3: RESERVATÓRIO METÁLICO TIPO TAÇA 25000L H<= 10M DE ALTURA
B35: EMPRESA | C35: VALOR | D35: FRETE | E35: TOTAL
B36: STOCKCAIXAS | C36: 44617 | D36: 13600 | E36: =C36+D36 -> 58217
B37: CNPJ: 34.683.026/0001-01
B38: Anexo Pasta
B39: CAIXA D' AGUA BRASIL LTDA - ME | C39: 35723 | D39: 2470 | E39: =C39+D39 -> 38193
B40: CNPJ: 03.113.840/0001-59
B41: Anexo Pasta
B42: FAZFORTE METALURGICA | C42: 57723 | D42: 0 | E42: =C42+D42 -> 57723
B43: CNPJ: 22.600.664/0001-24
B44: Anexo Pasta
B45: MEDIANA: | E45: =MEDIAN(E36,E39,E42) -> 57723
B46: DATA DA COTAÇÃO: 26/04/2026
B47: ITEM 4: BANCADA EM CONCRETO ARMADO, REVESTIDO EM AÇO INOXIDAVEL FOSCO POLIDO
B48: EMPRESA | C48: VALOR | D48: FRETE | E48: TOTAL
B49: GW ENGENHARIA PROJETOS E EXECUÇÃO DE OBRAS LTDA | C49: 1084.27 | D49: 0 | E49: =C49+D49 -> 1084.27
B50: CNPJ: 32.385.538/0001-58
B51: Anexo Pasta
B52: ROMULO BALMER CHAMORRA | C52: 1076.07 | D52: 0 | E52: =C52+D52 -> 1076.07
B53: CNPJ: 36.021.786/0001-28
B54: Anexo Pasta
B55: ROUTE ENGENHARIA LTDA | C55: 1271.37 | D55: 0 | E55: =C55+D55 -> 1271.37
B56: CNPJ
B57: Anexo Pasta
B58: MEDIANA: | E58: =MEDIAN(E49,E52,E55) -> 1084.27
B59: DATA DA COTAÇÃO: 11/2025
B60: ITEM 5: CAIXA DE VENTILAÇÃO PARA FORRO CAB-250 220V S&P
B61: EMPRESA | C61: VALOR | D61: FRETE | E61: TOTAL
B62: NOVA EXAUSTORES | C62: 2789.99 | D62: 266.33 | E62: =C62+D62 -> 3056.32
B63: CNPJ: 56.954.748/0001-88
B64: https://www.novaexaustores.com.br/exaustores/caixa-de-ventilacao-para-forro-modelo-cab-250-220v-s-p?parceiro=1604&gad_source=1&gad_campaignid=23677391439&gbraid=0AAAAACyAR0SpS38QCekZPx54zI-WPwqMa&gclid=Cj0KCQjw77bPBhC_ARIsAGAjjV9Kv8lSk3W1uabmoqBw_p7id8ZodgoCtNkja6Q05hPAIrccVgthvIYaAgyMEALw_wcB
B65: KONFORT COMÉRCIO E SERVIÇOS LTDA (LOJA DO EXAUSTOR) | C65: 3650 | D65: 0 | E65: =C65+D65 -> 3650
B66: CNPJ: 05.290.335/0001-05
B67: https://www.lojadoexaustor.com.br/caixa-de-ventilacao-acustica-220v-cab-250-sp-silenciosa?srsltid=AfmBOopFy5zFRhQXZUyQb9DY4y4Z0wU78aokVx-3_-7xKC5qx1LWVDhN
B68: PRINCE VENTILADORES E EXAUSTORES | C68: 4438 | D68: 222.04 | E68: =C68+D68 -> 4660.04
B69: CNPJ: 58.351.438/0001-02
B70: https://www.ventilador.com.br/exaustores/centrifugos/cab-soler-e-palau?srsltid=AfmBOorYZKvnyP2HuQdk_Zq2IQeUE1-ERS-UhU8DBaIz7EF7RkRFHit4&variant_id=3927
B71: MEDIANA: | E71: =MEDIAN(E62,E65,E68) -> 3650
B72: DATA DA COTAÇÃO: 26/04/2026
B73: ITEM 6: EXAUSTOR CENTRIFUGO SIROCO TRIFASICO EC5-TN-3 ARRANJO 4
B74: EMPRESA | C74: VALOR | D74: FRETE | E74: TOTAL
B75: NOVA EXAUSTORES | C75: 7190 | D75: 1254.99 | E75: =C75+D75 -> 8444.99
B76: CNPJ: 56.954.748/0001-88
B77: https://www.novaexaustores.com.br/exaustores/exaustor-centrifugo-siroco-trifasico-mod-ec5-tn-3?parceiro=1604&gad_source=1&gad_campaignid=21386995652&Anexo
B78: MAIS VENTO | C78: 6265.51 | D78: 0 | E78: =C78+D78 -> 6265.51
B79: CNPJ: 11.643.118/0001-54
B80: https://www.maisvento.com.br/exaustor-centrifugo-caracol-siroco-mais-vento-ecv-5-tn-trifasico
B81: PRINCE VENTILADORES E EXAUSTORES | C81: 5957 | D81: 346.49 | E81: =C81+D81 -> 6303.49
B82: CNPJ: 58.351.438/0001-02
B83: https://www.ventilador.com.br/exaustores/centrifugos/eac5-artek
B84: MEDIANA: | E84: =MEDIAN(E75,E78,E81) -> 6303.49
B85: DATA DA COTAÇÃO: 26/04/2026
B86: ITEM 7: CAIXA DE VENTILAÇÃO PARA FORRO COM BOCAL CVM2500
B87: EMPRESA | C87: VALOR | D87: FRETE | E87: TOTAL
B88: NOVA EXAUSTORES | C88: 4520 | D88: 0 | E88: =C88+D88 -> 4520
B89: CNPJ: 56.748/0001-88
B90: https://www.novaexaustores.com.br/exaustores/caixa-de-ventilacao-cvm2500?srsltid=AfmBOoqi3UGASb_goy1TeNDk-8nZBbVaIpXCeUTZ1U2dyq0OJPKooTC4&variant_=&variant_id=
B91: MAIS VENTO | C91: 5359.78 | D91: 242.21 | E91: =C91+D91 -> 5601.99
B92: CNPJ: 11.643.118/0001-54
B93: https://www.maisvento.com.br/exaustores/exaustores/exaustores-centrifugo/caixa-de-ventilacao-cvm-2500-220v
B94: MULTIVAC | C94: 3234.28 | D94: 683.49 | E94: =C94+D94 -> 3917.77
B95: CNPJ: 03.287.370/0002-20
B96: https://loja.multivac.com.br/cvm-2500-220v-caixa-de-ventilacao?srsltid=AfmBOoqBc5wBoCtzVgcMIwGYJ27ck_gjKNxEW3oSlBX1r9rgZ--ZdVCS
B97: MEDIANA: | E97: =MEDIAN(E88,E91,E94) -> 4520
B98: DATA DA COTAÇÃO: 26/04/2026
B99: ITEM 8: EXAUSTOR CENTRIFUGO SIROCO TRIFASICO EC4-TN-2 OU SIMILAR
B100: EMPRESA | C100: VALOR | D100: FRETE | E100: TOTAL
B101: MANBIAR COMERCIAL | C101: 8714.88 | D101: 0 | E101: =C101+D101 -> 8714.88
B102: CNPJ: 03.571.738/0001-05
B103: https://www.mercadolivre.com.br/exaustor-centrifugo-siroco-trifasico-mod-ec4tn2/up/MLBU730485781?utm_source=chatgpt.com
B104: NOVA EXAUSTORES | C104: 6760 | D104: 970.62 | E104: =C104+D104 -> 7730.62
...

Sheet PLANILHA REPROGRAMAÇÃO
A1: 01 – NOME DA PREFEITURA PROPONENTE: | E1: 02 – DESCRIÇÃO:
A2: =DADOS!B4 -> PREFEITURA MUNICIPAL DE PORTO SEGURO | E2: =DADOS!B8 -> Construção de Centro de Atenção Psicossocial Tipo I, no Município de PORTO SEGURO/BA
A3: 03 –LOCALIDADE: | E3: 04 –DATA: | G3: 05 - BANCOS: | I3: 06 - BDI
A4: =DADOS!B5 -> PORTO SEGURO/BA | E4: =J69 -> 0 | G4: =DADOS!B9 -> SINAPI 02/2026 | I4: =DADOS!B10 -> 0.2081
A6: PLANILHA DE REPROGRAMAÇÃO
A8: Item | B8: Código | C8: Banco | D8: Descrição | E8: Und | F8: Quant. Licitada | G8: Valor Unit com BDI | H8: Total Licitado | I8: Quant. Suprimida | J8: Quant. Acrescida | K8: Quant. Reprogramada | L8: Valor Suprimido | M8: Valor Acrescido | N8: Total Reprogramado
A9: 1 | D9: SERVIÇOS PRELIMINARES
H10: =ROUND(G10*F10,2) -> 0 | K10: =F10-I10+J10 -> 0 | L10: =ROUND(I10*G10,2) -> 0 | M10: =ROUND(J10*G10,2) -> 0 | N10: =ROUND(K10*G10,2) -> 0
H11: =ROUND(G11*F11,2) -> 0 | K11: =F11-I11+J11 -> 0 | L11: =ROUND(I11*G11,2) -> 0 | M11: =ROUND(J11*G11,2) -> 0 | N11: =ROUND(K11*G11,2) -> 0
H12: =ROUND(G12*F12,2) -> 0 | K12: =F12-I12+J12 -> 0 | L12: =ROUND(I12*G12,2) -> 0 | M12: =ROUND(J12*G12,2) -> 0 | N12: =ROUND(K12*G12,2) -> 0
H13: =ROUND(G13*F13,2) -> 0 | K13: =F13-I13+J13 -> 0 | L13: =ROUND(I13*G13,2) -> 0 | M13: =ROUND(J13*G13,2) -> 0 | N13: =ROUND(K13*G13,2) -> 0
H14: =ROUND(G14*F14,2) -> 0 | K14: =F14-I14+J14 -> 0 | L14: =ROUND(I14*G14,2) -> 0 | M14: =ROUND(J14*G14,2) -> 0 | N14: =ROUND(K14*G14,2) -> 0
H15: =ROUND(G15*F15,2) -> 0 | K15: =F15-I15+J15 -> 0 | L15: =ROUND(I15*G15,2) -> 0 | M15: =ROUND(J15*G15,2) -> 0 | N15: =ROUND(K15*G15,2) -> 0
H16: =ROUND(G16*F16,2) -> 0 | K16: =F16-I16+J16 -> 0 | L16: =ROUND(I16*G16,2) -> 0 | M16: =ROUND(J16*G16,2) -> 0 | N16: =ROUND(K16*G16,2) -> 0
H17: =ROUND(G17*F17,2) -> 0 | K17: =F17-I17+J17 -> 0 | L17: =ROUND(I17*G17,2) -> 0 | M17: =ROUND(J17*G17,2) -> 0 | N17: =ROUND(K17*G17,2) -> 0
H18: =ROUND(G18*F18,2) -> 0 | K18: =F18-I18+J18 -> 0 | L18: =ROUND(I18*G18,2) -> 0 | M18: =ROUND(J18*G18,2) -> 0 | N18: =ROUND(K18*G18,2) -> 0
H19: =ROUND(G19*F19,2) -> 0 | K19: =F19-I19+J19 -> 0 | L19: =ROUND(I19*G19,2) -> 0 | M19: =ROUND(J19*G19,2) -> 0 | N19: =ROUND(K19*G19,2) -> 0
H20: =ROUND(G20*F20,2) -> 0 | K20: =F20-I20+J20 -> 0 | L20: =ROUND(I20*G20,2) -> 0 | M20: =ROUND(J20*G20,2) -> 0 | N20: =ROUND(K20*G20,2) -> 0
H21: =ROUND(G21*F21,2) -> 0 | K21: =F21-I21+J21 -> 0 | L21: =ROUND(I21*G21,2) -> 0 | M21: =ROUND(J21*G21,2) -> 0 | N21: =ROUND(K21*G21,2) -> 0
... H59: =ROUND(G59*F59,2) -> 0 | K59: =F59-I59+J59 -> 0 | L59: =ROUND(I59*G59,2) -> 0 | M59: =ROUND(J59*G59,2) -> 0 | N59: =ROUND(K59*G59,2) -> 0
L61: TOTAL LICITADO:
L63: Valor Suprimido:
L64: Valor Acrescido:
L66: TOTAL REPROGRAMADO:
L67: TOTAL DO ADITIVO: | N67: =N66-N61 -> 0
A69: =DADOS!B5 -> PORTO SEGURO/BA
A70: Local | J70: Data
A78: Responsável Técnico
A79: Nome: | C79: =DADOS!B42 -> 0
A80: Título: | C80: =DADOS!B43 -> 0
A81: CREA/CAU: | C81: =DADOS!B44 -> 0

Sheet PLANILHA SERVIÇOS EXTRAS
A1: 01 – NOME DA PREFEITURA PROPONENTE: | E1: 02 – DESCRIÇÃO:
A2: =DADOS!B4 -> PREFEITURA MUNICIPAL DE PORTO SEGURO | E2: =DADOS!B8 -> Construção de Centro de Atenção Psicossocial Tipo I, no Município de PORTO SEGURO/BA | M2: BDI | N2: =DADOS!B11 -> 1.2081
A3: 03 –LOCALIDADE: | E3: 04 –DATA: | G3: 05 - BANCOS: | I3: 06 - BDI | M3: Kappa PLANILHA: | N3: 1
A4: =DADOS!B5 -> PORTO SEGURO/BA | E4: =G34 -> 0 | G4: =DADOS!B9 -> SINAPI 02/2026 | I4: =DADOS!B10 -> 0.2081 | M4: Kappa EMPRESA: | N4: 1
A6: PLANILHA DE SERVIÇOS EXTRAS
A8: Item | B8: Código | C8: Banco | D8: Descrição | E8: Und | F8: Quant. | G8: Valor Unit CHEIO | H8: Valor Unit PLANILHA | I8: Valor Unit EMPRESA | J8: Valor Unit com BDI | K8: Total
A9: 1 | D9: SERVIÇOS EXTRA | K9: =SUM(K10:K29) -> 0
H10: =ROUND(G10*$N$3,2) -> 0 | I10: =ROUND(H10*$N$4,2) -> 0 | J10: =ROUND(I10*$N$2,2) -> 0 | K10: =ROUND(J10*F10,2) -> 0
H11: =ROUND(G11*$N$3,2) -> 0 | I11: =ROUND(H11*$N$4,2) -> 0 | J11: =ROUND(I11*$N$2,2) -> 0 | K11: =ROUND(J11*F11,2) -> 0
H12: =ROUND(G12*$N$3,2) -> 0 | I12: =ROUND(H12*$N$4,2) -> 0 | J12: =ROUND(I12*$N$2,2) -> 0 | K12: =ROUND(J12*F12,2) -> 0
H13: =ROUND(G13*$N$3,2) -> 0 | I13: =ROUND(H13*$N$4,2) -> 0 | J13: =ROUND(I13*$N$2,2) -> 0 | K13: =ROUND(J13*F13,2) -> 0
H14: =ROUND(G14*$N$3,2) -> 0 | I14: =ROUND(H14*$N$4,2) -> 0 | J14: =ROUND(I14*$N$2,2) -> 0 | K14: =ROUND(J14*F14,2) -> 0
H15: =ROUND(G15*$N$3,2) -> 0 | I15: =ROUND(H15*$N$4,2) -> 0 | J15: =ROUND(I15*$N$2,2) -> 0 | K15: =ROUND(J15*F15,2) -> 0
H16: =ROUND(G16*$N$3,2) -> 0 | I16: =ROUND(H16*$N$4,2) -> 0 | J16: =ROUND(I16*$N$2,2) -> 0 | K16: =ROUND(J16*F16,2) -> 0
H17: =ROUND(G17*$N$3,2) -> 0 | I17: =ROUND(H17*$N$4,2) -> 0 | J17: =ROUND(I17*$N$2,2) -> 0 | K17: =ROUND(J17*F17,2) -> 0
H18: =ROUND(G18*$N$3,2) -> 0 | I18: =ROUND(H18*$N$4,2) -> 0 | J18: =ROUND(I18*$N$2,2) -> 0 | K18: =ROUND(J18*F18,2) -> 0
H19: =ROUND(G19*$N$3,2) -> 0 | I19: =ROUND(H19*$N$4,2) -> 0 | J19: =ROUND(I19*$N$2,2) -> 0 | K19: =ROUND(J19*F19,2) -> 0
H20: =ROUND(G20*$N$3,2) -> 0 | I20: =ROUND(H20*$N$4,2) -> 0 | J20: =ROUND(I20*$N$2,2) -> 0 | K20: =ROUND(J20*F20,2) -> 0
H21: =ROUND(G21*$N$3,2) -> 0 | I21: =ROUND(H21*$N$4,2) -> 0 | J21: =ROUND(I21*$N$2,2) -> 0 | K21: =ROUND(J21*F21,2) -> 0
... H29: =ROUND(G29*$N$3,2) -> 0 | I29: =ROUND(H29*$N$4,2) -> 0 | J29: =ROUND(I29*$N$2,2) -> 0 | K29: =ROUND(J29*F29,2) -> 0
J31: Total sem BDI: | K31: =ROUND(K33/$N$2,2) -> 0
J32: Total do BDI: | K32: =K33-K31 -> 0
J33: TOTAL GERAL: | K33: =K9 -> 0
A34: =DADOS!B5 -> PORTO SEGURO/BA
A35: Local | G35: Data

Sheet PLANILHA CONTROLE BM
N1: Nº DA MEDIÇÃO
N2: 1
A4: 01 – NOME DA PREFEITURA PROPONENTE: | E4: 02 – DESCRIÇÃO: | J4: EMPRESA: | L4: VALOR DO CONTRATO: | N4: PERÍODO DA MEDIÇÃO:
A5: =DADOS!B4 -> PREFEITURA MUNICIPAL DE PORTO SEGURO | E5: =DADOS!B8 -> Construção de Centro de Atenção Psicossocial Tipo I, no Município de PORTO SEGURO/BA | J5: =DADOS!B30 -> 0 | L5: =H67 -> 0
A6: 03 –LOCALIDADE: | E6: 04 –DATA: | G6: 05 - BANCOS: | J6: Nº DO CONTRATO: | L6: SALDO: | N6: VALOR DA MEDIÇÃO
A7: =DADOS!B5 -> PORTO SEGURO/BA | E7: =F70 -> 0 | G7: =DADOS!B9 -> SINAPI 02/2026 | J7: =DADOS!B32 -> 0 | L7: =H67-O67 -> 0 | N7: =N67 -> 0
A9: Item | B9: Código | C9: Banco | D9: Descrição | E9: Und | F9: Quant. Licitada | G9: Valor Unit com BDI | H9: Total | J9: FÍSICO | M9: FINANCEIRO | P9: SALDO
J10: ANTERIOR | K10: PERÍODO | L10: ACUMULADO | M10: ANTERIOR | N10: PERÍODO | O10: ACUMULADO | P10: FÍSICO | Q10: FINANCEIRO
A12: 1 | D12: SERVIÇOS PRELIMINARES
M13: =ROUND(J13*G13,2) -> 0 | N13: =ROUND(K13*G13,2) -> 0 | O13: =M13+N13 -> 0 | P13: =F13-L13 -> 0 | Q13: =H13-O13 -> 0
M14: =ROUND(J14*G14,2) -> 0 | N14: =ROUND(K14*G14,2) -> 0 | O14: =M14+N14 -> 0 | P14: =F14-L14 -> 0 | Q14: =H14-O14 -> 0
M15: =ROUND(J15*G15,2) -> 0 | N15: =ROUND(K15*G15,2) -> 0 | O15: =M15+N15 -> 0 | P15: =F15-L15 -> 0 | Q15: =H15-O15 -> 0
M16: =ROUND(J16*G16,2) -> 0 | N16: =ROUND(K16*G16,2) -> 0 | O16: =M16+N16 -> 0 | P16: =F16-L16 -> 0 | Q16: =H16-O16 -> 0
M17: =ROUND(J17*G17,2) -> 0 | N17: =ROUND(K17*G17,2) -> 0 | O17: =M17+N17 -> 0 | P17: =F17-L17 -> 0 | Q17: =H17-O17 -> 0
M18: =ROUND(J18*G18,2) -> 0 | N18: =ROUND(K18*G18,2) -> 0 | O18: =M18+N18 -> 0 | P18: =F18-L18 -> 0 | Q18: =H18-O18 -> 0
M19: =ROUND(J19*G19,2) -> 0 | N19: =ROUND(K19*G19,2) -> 0 | O19: =M19+N19 -> 0 | P19: =F19-L19 -> 0 | Q19: =H19-O19 -> 0
M20: =ROUND(J20*G20,2) -> 0 | N20: =ROUND(K20*G20,2) -> 0 | O20: =M20+N20 -> 0 | P20: =F20-L20 -> 0 | Q20: =H20-O20 -> 0
M21: =ROUND(J21*G21,2) -> 0 | N21: =ROUND(K21*G21,2) -> 0 | O21: =M21+N21 -> 0 | P21: =F21-L21 -> 0 | Q21: =H21-O21 -> 0
M22: =ROUND(J22*G22,2) -> 0 | N22: =ROUND(K22*G22,2) -> 0 | O22: =M22+N22 -> 0 | P22: =F22-L22 -> 0 | Q22: =H22-O22 -> 0
M23: =ROUND(J23*G23,2) -> 0 | N23: =ROUND(K23*G23,2) -> 0 | O23: =M23+N23 -> 0 | P23: =F23-L23 -> 0 | Q23: =H23-O23 -> 0
M24: =ROUND(J24*G24,2) -> 0 | N24: =ROUND(K24*G24,2) -> 0 | O24: =M24+N24 -> 0 | P24: =F24-L24 -> 0 | Q24: =H24-O24 -> 0
... M63: =ROUND(J63*G63,2) -> 0 | N63: =ROUND(K63*G63,2) -> 0 | O63: =M63+N63 -> 0 | P63: =F63-L63 -> 0 | Q63: =H63-O63 -> 0
H65: TOTAL GERAL | M65: TOTAIS | Q65: TOTAL
M66: ANTERIOR | N66: PERÍODO | O66: ACUMULADO | Q66: SALDO
A70: =DADOS!B5 -> PORTO SEGURO/BA
A71: Local | F71: Data
A79: Responsável Técnico
A80: Nome: | C80: =DADOS!B42 -> 0
A81: Título: | C81: =DADOS!B43 -> 0
A82: CREA/CAU: | C82: =DADOS!B44 -> 0
